Workbook
Name DateAF: 'FRAFU DEAL'!$K$6:$K$132
Name MontantAF: 'FRAFU DEAL'!$I$6:$I$132

Sheet SYNTHESE
B1: Budget | C1: Versé | D1: Appelé (Non payé) | E1: Non appelé
A2: SAINT-LEU | B2: ='ST LEU'!D38+'ST LEU'!D40 -> 4270508.3 | C2: ='ST LEU'!H38+'ST LEU'!H46 -> 2457435.9 | D2: ='ST LEU'!K38+'ST LEU'!K46 -> 1882230.7 | E2: ='ST LEU'!L38+'ST LEU'!L46 -> 108390.5 | F2: =B2-(C2+D2+E2) -> -177548.84
A3: SAINT-JOSEPH | B3: ='ST JOSEPH'!D17 -> 510715.38 | C3: ='ST JOSEPH'!H17 -> 81375 | D3: ='ST JOSEPH'!K17 -> 109246.79 | E3: ='ST JOSEPH'!L17 -> 401468.99 | F3: =B3-(C3+D3+E3) -> -81375.4
A4: PETITE-ILE | B4: ='PETITE ILE'!C14 -> 1832197 | C4: ='PETITE ILE'!G14 -> 1826414 | D4: ='PETITE ILE'!J14 -> 0 | E4: ='PETITE ILE'!K14 -> 0 | F4: =B4-(C4+D4+E4) -> 5783
A5: LBU DEAL | B5: ='LBU DEAL'!H262 -> 23691187 | C5: ='LBU DEAL'!L262 -> 13393075 | D5: ='LBU DEAL'!O262 -> 1198815.4 | E5: ='LBU DEAL'!P262 -> 9203278.5 | F5: =B5-(C5+D5+E5) -> -103981.9
A6: FRAFU DEAL | B6: ='FRAFU DEAL'!H133 -> 24001525 | C6: ='FRAFU DEAL'!L133 -> 12203277 | D6: ='FRAFU DEAL'!O133 -> 1193159 | E6: ='FRAFU DEAL'!P133 -> 10304172 | F6: =B6-(C6+D6+E6) -> 300917.15
A7: CAF | B7: =CAF!E38 -> 1210000 | C7: =CAF!I38 -> 629500 | D7: =CAF!L38 -> 33000 | E7: =CAF!M38 -> 547500 | F7: =B7-(C7+D7+E7) -> 0
A8: FEDER | B8: =FEDER!G14 -> 1712805.3 | C8: =FEDER!K14 -> 1492522.4 | D8: =FEDER!N14 -> 0 | E8: =FEDER!O14 -> 40066.93 | F8: =B8-(C8+D8+E8) -> 180215.93
A9: DIECCTE | B9: =DIECCTE!D10 -> 105248.64 | C9: =DIECCTE!H10 -> 0 | D9: =DIECCTE!K10 -> 38400 | E9: =DIECCTE!L10 -> 66848.64 | F9: =B9-(C9+D9+E9) -> 0
A10: REGION | B10: =REGION!G21 -> 1946182.4 | C10: =REGION!K21 -> 1516371.6 | D10: =REGION!N21 -> 105000 | E10: =REGION!O21 -> 144565.76 | F10: =B10-(C10+D10+E10) -> 180245.01
A11: TCO | B11: =TCO!E16 -> 500814.33 | C11: =TCO!I16 -> 359788.59 | D11: =TCO!L16 -> 90808.98 | E11: =TCO!M16 -> 50211.41 | F11: =B11-(C11+D11+E11) -> 5.3523194
A12: Total | B12: =SUM(B2:B11) -> 59781183 | C12: =SUM(C2:C11) -> 33959759 | D12: =SUM(D2:D11) -> 4650660.9 | E12: =SUM(E2:E11) -> 20866502 | F12: =B12-(C12+D12+E12) -> 304260.3
E14: 26105888 | F14: au 31/05/15

Sheet ST LEU
O1: Base | P1: Tx d'intérêts
A2: ETAT DES CREANCES : MAIRIE DE SAINT LEU | L2: 42155 | P2: 0.0294
A4: Opération | B4: Libellé | C4: Signature | D4: BUDGET | E4: APPELS DE FONDS | K4: RESTE A PERCEVOIR | M4: Observations | P4: 41967 | Q4: 42185
E5: Montant | F5: N° | G5: Date | H5: Payé | I5: Date | J5: Nbre js d'impayés | K5: A payer | L5: Non appelé
A6: PTIT CANAL | B6: FRAFU SECONDAIRE | C6: 40870 | D6: =341529.23+0.02 -> 341529.25 | H6: =SUM(H7:H11) -> 273223.4 | K6: =SUM(K7:K11) -> 68305.85 | L6: =SUM(L7:L11) -> 0 | N6: =D6-(H6+K6+L6) -> 0
A7: PTIT CANAL | E7: 68305.85 | F7: 1 | G7: 40968 | H7: 68305.85 | I7: 42051 | J7: =$L$2-G7 -> 1187 | K7: =E7-H7 -> 0 | L7: =IF(G7="",E7,"") | O7: =K7 -> 0 | P7: =O7*$P$2*J7/365 -> 0
A8: PTIT CANAL | E8: 68305.85 | F8: 2 | G8: 41040 | H8: 68305.85 | I8: 42051 | J8: =$L$2-G8 -> 1115 | K8: =E8-H8 -> 0 | L8: =IF(G8="",E8,"") | O8: =K8 -> 0 | P8: =O8*$P$2*J8/365 -> 0
A9: PTIT CANAL | E9: 68305.85 | F9: 3 | G9: 41134 | H9: 68305.85 | I9: 42051 | J9: =$L$2-G9 -> 1021 | K9: =E9-H9 -> 0 | L9: =IF(G9="",E9,"") | O9: =K9 -> 0 | P9: =O9*$P$2*J9/365 -> 0
A10: PTIT CANAL | E10: 68305.85 | F10: 4 | G10: 41192 | H10: 68305.85 | I10: 42051 | J10: =$L$2-G10 -> 963 | K10: =E10-H10 -> 0 | L10: =IF(G10="",E10,"") | O10: =K10 -> 0 | P10: =O10*$P$2*J10/365 -> 0
A11: PTIT CANAL | E11: 68305.85 | F11: 5 | G11: 42037 | H11: en attente | J11: =$L$2-G11 -> 118 | K11: =E11 -> 68305.85 | L11: =IF(G11="",E11,"") | O11: =K11 -> 68305.85 | P11: =O11*$P$2*J11/365 -> 649.22371
A12: LAVOIR | B12: FRAFU SECONDAIRE | C12: 40984 | D12: =119894.04+0.01 -> 119894.05 | H12: =SUM(H13:H17) -> 95915.24 | K12: =SUM(K13:K17) -> 23978.81 | L12: =SUM(L13:L17) -> 0 | N12: =D12-(H12+K12+L12) -> 0 | O12: =K12 -> 23978.81
A13: LAVOIR | E13: 23978.81 | F13: 1 | G13: 40989 | H13: 23978.81 | I13: 41059 | J13: =I13-G13 -> 70 | K13: =E13-H13 -> 0 | L13: =IF(G13="",E13,"") | O13: =E13 -> 23978.81 | P13: =O13*$P$2*J13/365 -> 135.20107
A14: LAVOIR | E14: 23978.81 | F14: 2 | G14: 41040 | H14: 23978.81 | I14: 41652 | J14: =I14-G14 -> 612 | K14: =E14-H14 -> 0 | L14: =IF(G14="",E14,"") | O14: =E14 -> 23978.81 | P14: =O14*$P$2*J14/365 -> 1182.0437
A15: LAVOIR | E15: 23978.81 | F15: 3 | G15: 41134 | H15: 23978.81 | I15: 41652 | J15: =I15-G15 -> 518 | K15: =E15-H15 -> 0 | L15: =IF(G15="",E15,"") | O15: =E15 -> 23978.81 | P15: =O15*$P$2*J15/365 -> 1000.4879
A16: LAVOIR | E16: 23978.81 | F16: 4 | G16: 41192 | H16: 23978.81 | I16: 41652 | J16: =I16-G16 -> 460 | K16: =E16-H16 -> 0 | L16: =IF(G16="",E16,"") | O16: =E16 -> 23978.81 | P16: =O16*$P$2*J16/365 -> 888.46418
A17: LAVOIR | E17: 23978.81 | F17: 5 | G17: 42037 | H17: en attente | K17: =E17 -> 23978.81 | L17: =IF(G17="",E17,"")
A18: LAURENCY | B18: FRAFU SOCIAL | C18: 41145 | D18: =150077.39+0.01 -> 150077.4 | H18: =SUM(H19:H23) -> 120061.92 | K18: =SUM(K19:K23) -> 0 | L18: =SUM(L19:L23) -> 30015.48 | N18: =D18-(H18+K18+L18) -> 0
A19: LAURENCY | E19: 30015.48 | F19: 1 | G19: 41317 | H19: 30015.48 | I19: 42073 | J19: =I19-G19 -> 756 | K19: =E19-H19 -> 0 | L19: =IF(G19="",E19,"") | O19: =K19 -> 0 | P19: =O19*$P$2*J19/365 -> 0
A20: LAURENCY | E20: 30015.48 | F20: 2 | G20: 41387 | H20: 30015.48 | I20: 42073 | J20: =I20-G20 -> 686 | K20: =E20-H20 -> 0 | L20: =IF(G20="",E20,"") | O20: =K20 -> 0 | P20: =O20*$P$2*J20/365 -> 0
A21: LAURENCY | E21: 30015.48 | F21: 3 | G21: 41423 | H21: 30015.48 | I21: 42073 | J21: =I21-G21 -> 650 | K21: =E21-H21 -> 0 | L21: =IF(G21="",E21,"") | O21: =K21 -> 0 | P21: =O21*$P$2*J21/365 -> 0
A22: LAURENCY | E22: 30015.48 | F22: 4 | G22: 41466 | H22: 30015.48 | I22: 42073 | J22: =I22-G22 -> 607 | K22: =E22-H22 -> 0 | L22: =IF(G22="",E22,"") | O22: =K22 -> 0 | P22: =O22*$P$2*J22/365 -> 0
A23: LAURENCY | E23: 30015.48 | F23: 5 | L23: =IF(G23="",E23,"") -> 30015.48 | O23: =K23 -> 0
A24: PRZA LAURENCY | B24: PARTICIPATION CH 624 & 93 | C24: 41145 | D24: 114200 | H24: =SUM(H25) -> 114200 | K24: =SUM(K25) -> 0 | L24: =SUM(L25) -> 0 | N24: =D24-(H24+K24+L24) -> 0 | O24: =K25 -> 0 | P24: =O24*$P$2*J25/365 -> 0
A25: PRZA LAURENCY | E25: 114200 | F25: 1 | G25: 41554 | H25: 114200 | I25: 42234 | J25: =$L$2-G25 -> 601 | K25: =E25-H24 -> 0 | L25: =IF(G25="",E25,"")
A26: LE CAP | B26: FRAFU SECONDAIRE | C26: 41047 | D26: =184958.11+0.04 -> 184958.15 | H26: =SUM(H27:H31) -> 0 | K26: =SUM(K27:K31) -> 147966.52 | L26: =SUM(L27:L31) -> 36991.63 | N26: =D26-(H26+K26+L26) -> 0
A27: LE CAP | E27: 36991.63 | F27: 1 | G27: 41715 | H27: en attente | J27: =$L$2-G27 -> 440 | K27: =E27 -> 36991.63 | L27: =IF(G27="",E27,"") | O27: =K27 -> 36991.63 | P27: =O27*$P$2*J27/365 -> 1311.0239
A28: LE CAP | E28: 36991.63 | F28: 2 | G28: 41715 | H28: en attente | J28: =$L$2-G28 -> 440 | K28: =E28 -> 36991.63 | L28: =IF(G28="",E28,"") | O28: =K28 -> 36991.63 | P28: =O28*$P$2*J28/365 -> 1311.0239
A29: LE CAP | E29: 36991.63 | F29: 3 | G29: 41715 | H29: en attente | J29: =$L$2-G29 -> 440 | K29: =E29 -> 36991.63 | L29: =IF(G29="",E29,"") | O29: =K29 -> 36991.63 | P29: =O29*$P$2*J29/365 -> 1311.0239
A30: LE CAP | E30: 36991.63 | F30: 4 | G30: 41715 | H30: en attente | J30: =$L$2-G30 -> 440 | K30: =E30 -> 36991.63 | L30: =IF(G30="",E30,"") | O30: =K30 -> 36991.63 | P30: =O30*$P$2*J30/365 -> 1311.0239
A31: LE CAP | E31: 36991.63 | F31: 5 | L31: =IF(G31="",E31,"") -> 36991.63
A32: CHALOUPE | B32: FRAFU SOCIAL | C32: 41150 | D32: =206916.91+0.04 -> 206916.95 | H32: =SUM(H33:H37) -> 0 | K32: =SUM(K33:K37) -> 165533.56 | L32: =SUM(L33:L37) -> 41383.39 | N32: =D32-(H32+K32+L32) -> 0
A33: CHALOUPE | E33: 41383.39 | F33: 1 | G33: 41561 | H33: en attente | J33: =$L$2-G33 -> 594 | K33: =E33 -> 41383.39 | L33: =IF(G33="",E33,"") | O33: =K33 -> 41383.39 | P33: =O33*$P$2*J33/365 -> 1980.0081
A34: CHALOUPE | E34: 41383.39 | F34: 2 | G34: 41561 | H34: en attente | J34: =$L$2-G34 -> 594 | K34: =E34 -> 41383.39 | L34: =IF(G34="",E34,"") | O34: =K34 -> 41383.39 | P34: =O34*$P$2*J34/365 -> 1980.0081
A35: CHALOUPE | E35: 41383.39 | F35: 3 | G35: 41582 | H35: en attente | J35: =$L$2-G35 -> 573 | K35: =E35 -> 41383.39 | L35: =IF(G35="",E35,"") | O35: =K35 -> 41383.39 | P35: =O35*$P$2*J35/365 -> 1910.0078
A36: CHALOUPE | E36: 41383.39 | F36: 4 | G36: 41646 | H36: en attente | J36: =$L$2-G36 -> 509 | K36: =E36 -> 41383.39 | L36: =IF(G36="",E36,"") | O36: =K36 -> 41383.39 | P36: =O36*$P$2*J36/365 -> 1696.6736
A37: CHALOUPE | E37: 41383.39 | F37: 5 | L37: =IF(G37="",E37,"") -> 41383.39
D38: =SUM(D6:D37) -> 1117575.8 | E38: =SUM(E6:E37) -> 1117575.8 | H38: =H6+H12+H18+H24+H26+H32 -> 603400.56 | K38: =K6+K12+K18+K24+K26+K32 -> 405784.74 | L38: =L6+L12+L18+L24+L26+L32 -> 108390.5 | O38: =SUM(O6:O37) -> 501699.98 | P38: =SUM(P6:P37) -> 16666.214
K39: =SUM(K38:L38) -> 514175.24
A40: SOBEPRE | B40: Mandats | C40: 41131 | D40: 3152932.5 | J40: =I40-G40 -> 0 | O40: =H40 -> 0 | P40: =O40*$P$2*J40/365 -> 0
A41: SOBEPRE | E41: 91990.6 | F41: 1 | G41: 41443 | H41: 91990.6 | I41: 41548 | J41: =I41-G41 -> 105 | K41: =E41-H41 -> 0
A42: SOBEPRE | E42: 319852 | F42: 2 | G42: 41939 | H42: 319852 | I42: 42277 | J42: =$L$2-G42 -> 216 | K42: =E42-H42 -> 0 | O42: =K42 -> 0 | Q42: =O42*P2*180/365 -> 0
A43: SOBEPRE | B43: Etat des dépenses au 24/11/2014 | E43: 1442192.8 | F43: 3 | G43: 41960 | H43: 1442192.8 | I43: 42387 | J43: =$L$2-G43 -> 195 | K43: 0 | L43: =IF(G43="",E43,"") | R43: AF à lancer
A44: SOBEPRE | B44: prévision 4tr restants à dépenser | E44: 1125615 | F44: 4 | G44: 41960 | H44: en attente | K44: =E44 -> 1125615 | L44: =IF(G44="",E44,"") | R44: AF à lancer
E45: 350831 | F45: 5 | G45: 42355 | H45: en attente | K45: =E45 -> 350831 | L45: =IF(G45="",E45,"") | R45: AF à lancer
E46: =SUM(E41:E45) -> 3330481.4 | H46: =SUM(H41:H45) -> 1854035.4 | K46: =SUM(K41:K45) -> 1476446 | L46: =SUM(L41:L45) -> 0 | N46: =D40-(H46+K46+L46) -> -177548.84 | O46: =SUM(O40:O42) -> 0 | P46: =SUM(P40:P42) -> 0 | Q46: =SUM(Q40:Q42) -> 0
E47: =D40+E38 -> 4270508.3 | H47: =H46+H38 -> 2457435.9 | K47: =SUM(K46:L46) -> 1476446
K48: =K47+K39 -> 1990621.2 | N48: =E47-(H47+K48) -> -177548.84
J49: A payer | K49: =K38 -> 405784.74 | L49: FRAFU
J50: A payer | K50: =K46 -> 1476446 | L50: Sobepre
K51: =SUM(K49:K50) -> 1882230.7
J52: non encore appelé | K52: =L38 -> 108390.5 | L52: FRAFU
J53: somme à appeler | K53: =L46 -> 0 | L53: Sobepre
K54: =SUM(K51:K53) -> 1990621.2

Sheet LBU DEAL
A2: ETAT DES CREANCES : LBU DEAL | P2: =TODAY() -> 42435
A4: Opération | B4: Libellé | C4: Signature | D4: Date limite DROC (18 mois) | E4: Date OS | F4: Date limite DAT (4 ans) | G4: Date DAT | H4: BUDGET | I4: APPELS DE FONDS | O4: RESTE A PERCEVOIR | Q4: Observations
I5: Montant | J5: N° | K5: Date | L5: Payé | M5: Date | N5: Nbre js d'impayés | O5: A payer | P5: Non appelé
A6: COMBAVAS | C6: 40389 | D6: =DATE(YEAR(C6),MONTH(C6)+18,DAY(C6)) -> 40938 | E6: 40499 | F6: =DATE(YEAR(C6)+4,MONTH(C6),DAY(C6)) -> 41850 | G6: 40910 | H6: 832014 | L6: =SUM(L7:L12) -> 832014 | O6: =SUM(O7:O12) -> 0 | P6: =SUM(P7:P12) -> 0 | R6: =H6-(L6+O6+P6) -> 0
A7: COMBAVAS | H7: =I7/$H$6 -> 0.3 | I7: 249604.2 | J7: 1 | K7: 40519 | L7: 249604.2 | M7: 40632 | N7: =IF(M7="",$P$2-K7,M7-K7) -> 113 | O7: =IF(L7="en attente",I7,"") | P7: =IF(K7="",I7-L7,0) -> 0
A8: COMBAVAS | H8: =I8/$H$6+H7 -> 0.4123 | I8: 93435.17 | J8: 2 | K8: 40711 | L8: 93435.17 | M8: 40779 | N8: =IF(M8="",$P$2-K8,M8-K8) -> 68 | O8: =IF(L8="en attente",I8,"") | P8: =IF(K8="",I8-L8,0) -> 0
A9: COMBAVAS | H9: =I9/$H$6+H8 -> 0.6045 | I9: 159913.09 | J9: 3 | K9: 40799 | L9: 159913.09 | M9: 40969 | N9: =IF(M9="",$P$2-K9,M9-K9) -> 170 | O9: =IF(L9="en attente",I9,"") | P9: =IF(K9="",I9-L9,0) -> 0
A10: COMBAVAS | H10: =I10/$H$6+H9 -> 0.66970001 | I10: 54247.32 | J10: 4 | K10: 40826 | L10: 54247.32 | M10: 40969 | N10: =IF(M10="",$P$2-K10,M10-K10) -> 143 | O10: =IF(L10="en attente",I10,"") | P10: =IF(K10="",I10-L10,0) -> 0
A11: COMBAVAS | H11: =I11/$H$6+H10 -> 0.8 | I11: 108411.42 | J11: 5 | K11: 40947 | L11: 108411.42 | M11: 40994 | N11: =IF(M11="",$P$2-K11,M11-K11) -> 47 | O11: =IF(L11="en attente",I11,"") | P11: =IF(K11="",I11-L11,0) -> 0
A12: COMBAVAS | H12: =I12/$H$6+H11 -> 1 | I12: 166402.8 | J12: 5 | K12: 42179 | L12: 166402.8 | M12: 42254 | N12: =IF(M12="",$P$2-K12,M12-K12) -> 75 | O12: =IF(L12="en attente",I12,"") | P12: =IF(K12="",I12-L12,0) -> 0
A13: RESERVOIRS DE STELLA | C13: 40361 | H13: 1425198 | O13: =+IF(K13="",0,I13-L13) -> 0 | P13: =IF(K13="",I13-L13,0) -> 0
A14: RESERVOIRS DE STELLA | I14: 427559.4 | J14: 1 | K14: 40484 | L14: 427559.4 | M14: 40613 | N14: =IF(M14="",$P$2-K14,M14-K14) -> 129 | O14: =+IF(K14="",0,I14-L14) -> 0 | P14: =IF(K14="",I14-L14,0) -> 0
A15: RESERVOIRS DE STELLA | I15: 94205.59 | J15: 2 | K15: 40763 | L15: 94205.59 | M15: 40828 | N15: =IF(M15="",$P$2-K15,M15-K15) -> 65 | O15: =+IF(K15="",0,I15-L15) -> 0 | P15: =IF(K15="",I15-L15,0) -> 0
A16: RESERVOIRS DE STELLA | I16: 65131.54 | J16: 3 | K16: 40800 | L16: 65131.54 | M16: 40868 | N16: =IF(M16="",$P$2-K16,M16-K16) -> 68 | O16: =+IF(K16="",0,I16-L16) -> 0 | P16: =IF(K16="",I16-L16,0) -> 0
A17: RESERVOIRS DE STELLA | I17: 151213.51 | J17: 4 | K17: 40826 | L17: 151213.51 | M17: 40871 | N17: =IF(M17="",$P$2-K17,M17-K17) -> 45 | O17: =+IF(K17="",0,I17-L17) -> 0 | P17: =IF(K17="",I17-L17,0) -> 0
A18: RESERVOIRS DE STELLA | I18: 97483.55 | J18: 5 | K18: 40883 | L18: 97483.55 | M18: 40995 | N18: =IF(M18="",$P$2-K18,M18-K18) -> 112 | O18: =+IF(K18="",0,I18-L18) -> 0 | P18: =IF(K18="",I18-L18,0) -> 0
A19: RESERVOIRS DE STELLA | I19: 99193.78 | J19: 6 | K19: 40945 | L19: 99193.78 | M19: 41023 | N19: =IF(M19="",$P$2-K19,M19-K19) -> 78 | O19: =+IF(K19="",0,I19-L19) -> 0 | P19: =IF(K19="",I19-L19,0) -> 0
A20: RESERVOIRS DE STELLA | I20: 129693.02 | J20: 7 | K20: 41038 | L20: 129693.02 | M20: 41093 | N20: =IF(M20="",$P$2-K20,M20-K20) -> 55 | O20: =+IF(K20="",0,I20-L20) -> 0 | P20: =IF(K20="",I20-L20,0) -> 0
A21: RESERVOIRS DE STELLA | I21: 75678.01 | J21: 8 | K21: 41129 | L21: 75678.01 | M21: 41185 | N21: =IF(M21="",$P$2-K21,M21-K21) -> 56 | O21: =+IF(K21="",0,I21-L21) -> 0 | P21: =IF(K21="",I21-L21,0) -> 0
A22: RESERVOIRS DE STELLA | I22: 285039.6 | J22: 9 | K22: 41969 | L22: 285039.6 | M22: 42153 | N22: =IF(M22="",$P$2-K22,M22-K22) -> 184 | O22: =+IF(K22="",0,I22-L22) -> 0 | P22: =IF(K22="",I22-L22,0) -> 0
A23: CAMPHRIER | C23: 39818 | D23: =DATE(YEAR(C23),MONTH(C23)+18,DAY(C23)) -> 40364 | E23: 39986 | F23: =DATE(YEAR(C23)+4,MONTH(C23),DAY(C23)) -> 41279 | G23: 40749 | H23: 2766905 | L23: =SUM(L24:L33) -> 2766905 | O23: =SUM(O24:O33) -> 0 | P23: =SUM(P24:P33) -> 0 | R23: =H23-(L23+O23+P23) -> 0
A24: CAMPHRIER | H24: =I24/$H$23 -> 0.3 | I24: 830071.5 | J24: 1 | L24: 830071.5 | M24: 40038 | O24: =IF(L24="en attente",I24,"") | P24: =IF(K24="",I24-L24,0) -> 0
A25: CAMPHRIER | H25: =I25/$H$23+H24 -> 0.3268 | I25: 74153.05 | J25: 2 | L25: 74153.05 | M25: 40315 | O25: =IF(L25="en attente",I25,"") | P25: =IF(K25="",I25-L25,0) -> 0
A26: CAMPHRIER | H26: =I26/$H$23+H25 -> 0.359 | I26: 89094.34 | J26: 3 | L26: 89094.34 | M26: 40347 | O26: =IF(L26="en attente",I26,"") | P26: =IF(K26="",I26-L26,0) -> 0
A27: CAMPHRIER | H27: =I27/$H$23+H26 -> 0.4132 | I27: 149966.26 | J27: 4 | L27: 149966.26 | M27: 40366 | O27: =IF(L27="en attente",I27,"") | P27: =IF(K27="",I27-L27,0) -> 0
A28: CAMPHRIER | H28: =I28/$H$23+H27 -> 0.4773 | I28: 177358.61 | J28: 5 | L28: 177358.61 | M28: 40396 | O28: =IF(L28="en attente",I28,"") | P28: =IF(K28="",I28-L28,0) -> 0
A29: CAMPHRIER | H29: =I29/$H$23+H28 -> 0.6112 | I29: 370488.58 | J29: 6 | L29: 370488.58 | M29: 40497 | O29: =IF(L29="en attente",I29,"") | P29: =IF(K29="",I29-L29,0) -> 0
A30: CAMPHRIER | H30: =I30/$H$23+H29 -> 0.6871 | I30: 210008.09 | J30: 7 | L30: 210008.09 | M30: 40528 | O30: =IF(L30="en attente",I30,"") | P30: =IF(K30="",I30-L30,0) -> 0
A31: CAMPHRIER | H31: =I31/$H$23+H30 -> 0.7814 | I31: 260919.14 | J31: 8 | K31: 40591 | L31: 260919.14 | M31: 40687 | N31: =IF(M31="",$P$2-K31,M31-K31) -> 96 | O31: =IF(L31="en attente",I31,"") | P31: =IF(K31="",I31-L31,0) -> 0
A32: CAMPHRIER | H32: =I32/$H$23+H31 -> 0.8 | I32: 51464.43 | J32: 9 | K32: 40641 | L32: 51464.43 | M32: 40716 | N32: =IF(M32="",$P$2-K32,M32-K32) -> 75 | O32: =IF(L32="en attente",I32,"") | P32: =IF(K32="",I32-L32,0) -> 0
A33: CAMPHRIER | H33: =I33/$H$23+H32 -> 1 | I33: 553381 | J33: 10 | K33: 42149 | L33: 553381 | M33: 42222 | N33: =IF(M33="",$P$2-K33,M33-K33) -> 73 | O33: =IF(L33="en attente",I33,"") | P33: =IF(K33="",I33-L33,0) -> 0
A34: JULES VIENNE | C34: 40491 | D34: =DATE(YEAR(C34),MONTH(C34)+18,DAY(C34)) -> 41038 | E34: 40945 | F34: =DATE(YEAR(C34)+4,MONTH(C34),DAY(C34)) -> 41952 | G34: 41670 | H34: 1269605 | L34: =SUM(L35:L43) -> 1269605 | O34: =SUM(O35:O43) -> 0 | P34: =SUM(P35:P43) -> 0 | R34: =H34-(L34+O34+P34) -> 0
A35: JULES VIENNE | H35: =I35/$H$34 -> 0.3 | I35: 380881.5 | J35: 1 | K35: 40966 | L35: 380881.5 | M35: 41092 | N35: =IF(M35="",$P$2-K35,M35-K35) -> 126 | O35: =IF(L35="en attente",I35,"") | P35: =IF(K35="",I35-L35,0) -> 0
A36: JULES VIENNE | H36: =I36/$H$34+H35 -> 0.3344 | I36: 43674.41 | J36: 2 | K36: 41211 | L36: 43674.41 | M36: 41243 | N36: =IF(M36="",$P$2-K36,M36-K36) -> 32 | O36: =IF(L36="en attente",I36,"") | P36: =IF(K36="",I36-L36,0) -> 0
A37: JULES VIENNE | H37: =I37/$H$34+H36 -> 0.4037 | I37: 87983.63 | J37: 3 | K37: 41240 | L37: 87983.63 | M37: 41391 | N37: =IF(M37="",$P$2-K37,M37-K37) -> 151 | O37: =IF(L37="en attente",I37,"") | P37: =IF(K37="",I37-L37,0) -> 0
A38: JULES VIENNE | H38: =I38/$H$34+H37 -> 0.479 | I38: 95601.26 | J38: 4 | K38: 41313 | L38: 95601.26 | M38: 41416 | N38: =IF(M38="",$P$2-K38,M38-K38) -> 103 | O38: =IF(L38="en attente",I38,"") | P38: =IF(K38="",I38-L38,0) -> 0
A39: JULES VIENNE | H39: =I39/$H$34+H38 -> 0.5478 | I39: 87348.82 | J39: 5 | K39: 41360 | L39: 87348.82 | M39: 41430 | N39: =IF(M39="",$P$2-K39,M39-K39) -> 70 | O39: =IF(L39="en attente",I39,"") | P39: =IF(K39="",I39-L39,0) -> 0
A40: JULES VIENNE | H40: =I40/$H$34+H39 -> 0.6186 | I40: 89888.03 | J40: 6 | K40: 41422 | L40: 89888.03 | M40: 41473 | N40: =IF(M40="",$P$2-K40,M40-K40) -> 51 | O40: =IF(L40="en attente",I40,"") | P40: =IF(K40="",I40-L40,0) -> 0
A41: JULES VIENNE | H41: =I41/$H$34+H40 -> 0.7272 | I41: 137879.11 | J41: 7 | K41: 41466 | L41: 137879.11 | M41: 41533 | N41: =IF(M41="",$P$2-K41,M41-K41) -> 67 | O41: =IF(L41="en attente",I41,"") | P41: =IF(K41="",I41-L41,0) -> 0
A42: JULES VIENNE | H42: =I42/$H$34+H41 -> 0.8 | I42: 92427.24 | J42: 8 | K42: 41547 | L42: 92427.24 | M42: 41584 | N42: =IF(M42="",$P$2-K42,M42-K42) -> 37 | O42: =IF(L42="en attente",I42,"") | P42: =IF(K42="",I42-L42,0) -> 0
A43: JULES VIENNE | H43: =I43/$H$34+H42 -> 1 | I43: 253921 | J43: 9 | K43: 42262 | L43: 253921 | M43: 42325 | N43: =IF(M43="",$P$2-K43,M43-K43) -> 63 | O43: =IF(L43="en attente",I43,"") | P43: =IF(K43="",I43-L43,0) -> 0
A44: DESIRE | C44: 40491 | D44: =DATE(YEAR(C44),MONTH(C44)+18,DAY(C44)) -> 41038 | E44: 40721 | F44: =DATE(YEAR(C44)+4,MONTH(C44),DAY(C44)) -> 41952 | G44: 41479 | H44: 1173028 | L44: =SUM(L45:L53) -> 938422.4 | O44: =SUM(O45:O53) -> 234605.6 | P44: =SUM(P45:P53) -> 0 | R44: =H44-(L44+O44+P44) -> 0
A45: DESIRE | H45: =I45/$H$44 -> 0.3 | I45: 351908.4 | J45: 1 | K45: 40756 | L45: 351908.4 | M45: 40836 | N45: =IF(M45="",$P$2-K45,M45-K45) -> 80 | O45: =IF(L45="en attente",I45,"") | P45: =IF(K45="",I45-L45,0) -> 0
A46: DESIRE | H46: =I46/$H$44+H45 -> 0.3624 | I46: 73196.95 | J46: 2 | K46: 41038 | L46: 73196.95 | M46: 41142 | N46: =IF(M46="",$P$2-K46,M46-K46) -> 104 | O46: =IF(L46="en attente",I46,"") | P46: =IF(K46="",I46-L46,0) -> 0
A47: DESIRE | H47: =I47/$H$44+H46 -> 0.4201 | I47: 67683.71 | J47: 3 | K47: 41072 | L47: 67683.71 | M47: 41142 | N47: =IF(M47="",$P$2-K47,M47-K47) -> 70 | O47: =IF(L47="en attente",I47,"") | P47: =IF(K47="",I47-L47,0) -> 0
A48: DESIRE | H48: =I48/$H$44+H47 -> 0.5042 | I48: 98651.66 | J48: 4 | K48: 41129 | L48: 98651.66 | M48: 41170 | N48: =IF(M48="",$P$2-K48,M48-K48) -> 41 | O48: =IF(L48="en attente",I48,"") | P48: =IF(K48="",I48-L48,0) -> 0
A49: DESIRE | H49: =I49/$H$44+H48 -> 0.571 | I49: 78358.27 | J49: 5 | K49: 41190 | L49: 78358.27 | M49: 41219 | N49: =IF(M49="",$P$2-K49,M49-K49) -> 29 | O49: =IF(L49="en attente",I49,"") | P49: =IF(K49="",I49-L49,0) -> 0
A50: DESIRE | H50: =I50/$H$44+H49 -> 0.6235 | I50: 61583.97 | J50: 6 | K50: 41360 | L50: 61583.97 | M50: 41430 | N50: =IF(M50="",$P$2-K50,M50-K50) -> 70 | O50: =IF(L50="en attente",I50,"") | P50: =IF(K50="",I50-L50,0) -> 0
A51: DESIRE | H51: =I51/$H$44+H50 -> 0.7226 | I51: 116247.07 | J51: 7 | K51: 41305 | L51: 116247.07 | M51: 41444 | N51: =IF(M51="",$P$2-K51,M51-K51) -> 139 | O51: =IF(L51="en attente",I51,"") | P51: =IF(K51="",I51-L51,0) -> 0
A52: DESIRE | H52: =I52/$H$44+H51 -> 0.8 | I52: 90792.37 | J52: 8 | K52: 41463 | L52: 90792.37 | M52: 41505 | N52: =IF(M52="",$P$2-K52,M52-K52) -> 42 | O52: =IF(L52="en attente",I52,"") | P52: =IF(K52="",I52-L52,0) -> 0
A53: DESIRE | H53: =I53/$H$44+H52 -> 1 | I53: 234605.6 | J53: 9 | K53: 42166 | L53: en attente | N53: =IF(M53="",$P$2-K53,M53-K53) -> 269 | O53: =IF(L53="en attente",I53,"") -> 234605.6 | P53: =IF(K53="",I53-L53,0) -> 0
A54: P'TIT CANAL | C54: 40817 | D54: =DATE(YEAR(C54),MONTH(C54)+18,DAY(C54)) -> 41365 | E54: 40939 | F54: =DATE(YEAR(C54)+4,MONTH(C54),DAY(C54)) -> 42278 | G54: 41689 | H54: 119398 | L54: =SUM(L55:L61) -> 95518.4 | O54: =SUM(O55:O61) -> 23879.6 | P54: =SUM(P55:P61) -> 0 | R54: =H54-(L54+O54+P54) -> 0
A55: P'TIT CANAL | H55: =I55/H54 -> 0.3 | I55: 35819.4 | J55: 1 | K55: 40953 | L55: 35819.4 | M55: 41023 | N55: =IF(M55="",$P$2-K55,M55-K55) -> 70 | O55: =IF(L55="en attente",I55,"") | P55: =IF(K55="",I55-L55,0) -> 0
A56: P'TIT CANAL | H56: =I56/$H$54+H55 -> 0.36399998 | I56: 7641.47 | J56: 2 | K56: 41227 | L56: 7641.47 | M56: 41317 | N56: =IF(M56="",$P$2-K56,M56-K56) -> 90 | O56: =IF(L56="en attente",I56,"") | P56: =IF(K56="",I56-L56,0) -> 0
A57: P'TIT CANAL | H57: =I57/$H$54+H56 -> 0.49319997 | I57: 15426.22 | J57: 3 | K57: 41348 | L57: 15426.22 | M57: 41416 | N57: =IF(M57="",$P$2-K57,M57-K57) -> 68 | O57: =IF(L57="en attente",I57,"") | P57: =IF(K57="",I57-L57,0) -> 0
A58: P'TIT CANAL | H58: =I58/$H$54+H57 -> 0.6349 | I58: 16918.7 | J58: 4 | K58: 41463 | L58: 16918.7 | M58: 41522 | N58: =IF(M58="",$P$2-K58,M58-K58) -> 59 | O58: =IF(L58="en attente",I58,"") | P58: =IF(K58="",I58-L58,0) -> 0
A59: P'TIT CANAL | H59: =I59/$H$54+H58 -> 0.72769996 | I59: 11080.13 | J59: 5 | K59: 41547 | L59: 11080.13 | M59: 41582 | N59: =IF(M59="",$P$2-K59,M59-K59) -> 35 | O59: =IF(L59="en attente",I59,"") | P59: =IF(K59="",I59-L59,0) -> 0
A60: P'TIT CANAL | H60: =I60/$H$54+H59 -> 0.8 | I60: 8632.48 | J60: 6 | K60: 41697 | L60: 8632.48 | M60: 41859 | N60: =IF(M60="",$P$2-K60,M60-K60) -> 162 | O60: =IF(L60="en attente",I60,"") | P60: =IF(K60="",I60-L60,0) -> 0
A61: P'TIT CANAL | H61: =I61/$H$54+H60 -> 1 | I61: =H54-SUM(I55:I60) -> 23879.6 | J61: 7 | K61: 42423 | L61: en attente | O61: =IF(L61="en attente",I61,"") -> 23879.6 | P61: =IF(K61="",I61-L61,0) -> 0
A62: P'TIT CANAL | C62: 40817 | D62: =DATE(YEAR(C62),MONTH(C62)+18,DAY(C62)) -> 41365 | E62: 40939 | F62: =DATE(YEAR(C62)+4,MONTH(C62),DAY(C62)) -> 42278 | G62: 41689 | H62: 380000 | L62: =SUM(L63:L69) -> 304000 | O62: =SUM(O63:O69) -> 76000 | P62: =SUM(P63:P69) -> 0 | R62: =H62-(L62+O62+P62) -> 0
A63: P'TIT CANAL | H63: =I63/$H$62 -> 0.3 | I63: 114000 | J63: 1 | K63: 40953 | L63: 114000 | M63: 41023 | N63: =IF(M63="",$P$2-K63,M63-K63) -> 70 | O63: =IF(L63="en attente",I63,"") | P63: =IF(K63="",I63-L63,0) -> 0
A64: P'TIT CANAL | H64: =I64/$H$62+H63 -> 0.364 | I64: 24320 | J64: 2 | K64: 41227 | L64: 24320 | M64: 41317 | N64: =IF(M64="",$P$2-K64,M64-K64) -> 90 | O64: =IF(L64="en attente",I64,"") | P64: =IF(K64="",I64-L64,0) -> 0
A65: P'TIT CANAL | H65: =I65/$H$62+H64 -> 0.4967 | I65: 50426 | J65: 3 | K65: 41348 | L65: 50426 | M65: 41416 | N65: =IF(M65="",$P$2-K65,M65-K65) -> 68 | O65: =IF(L65="en attente",I65,"") | P65: =IF(K65="",I65-L65,0) -> 0
A66: P'TIT CANAL | H66: =I66/$H$62+H65 -> 0.6393 | I66: 54188 | J66: 4 | K66: 41463 | L66: 54188 | M66: 41522 | N66: =IF(M66="",$P$2-K66,M66-K66) -> 59 | O66: =IF(L66="en attente",I66,"") | P66: =IF(K66="",I66-L66,0) -> 0
A67: P'TIT CANAL | H67: =I67/$H$62+H66 -> 0.7328 | I67: 35530 | J67: 5 | K67: 41547 | L67: 35530 | M67: 41582 | N67: =IF(M67="",$P$2-K67,M67-K67) -> 35 | O67: =IF(L67="en attente",I67,"") | P67: =IF(K67="",I67-L67,0) -> 0
A68: P'TIT CANAL | H68: =I68/$H$62+H67 -> 0.8 | I68: 25536 | J68: 6 | K68: 41697 | L68: 25536 | M68: 41859 | N68: =IF(M68="",$P$2-K68,M68-K68) -> 162 | O68: =IF(L68="en attente",I68,"") | P68: =IF(K68="",I68-L68,0) -> 0
A69: P'TIT CANAL | H69: =I69/$H$62+H68 -> 1 | I69: 76000 | J69: 7 | K69: 42423 | L69: en attente | O69: =IF(L69="en attente",I69,"") -> 76000 | P69: =IF(K69="",I69-L69,0) -> 0
A70: LE LAVOIR | C70: 40884 | D70: =DATE(YEAR(C70),MONTH(C70)+18,DAY(C70)) -> 41432 | E70: 40970 | F70: =DATE(YEAR(C70)+4,MONTH(C70),DAY(C70)) -> 42345 | G70: 41627 | H70: 620464 | L70: =SUM(L71:L77) -> 496371.2 | O70: =SUM(O71:O77) -> 124092.8 | P70: =SUM(P71:P77) -> 0 | R70: =H70-(L70+O70+P70) -> 0
A71: LE LAVOIR | H71: =I71/$H$70 -> 0.3 | I71: 186139.2 | J71: 1 | K71: 41003 | L71: 186139.2 | M71: 41065 | N71: =IF(M71="",$P$2-K71,M71-K71) -> 62 | O71: =IF(L71="en attente",I71,"") | P71: =IF(K71="",I71-L71,0) -> 0
A72: LE LAVOIR | H72: =I72/$H$70+H71 -> 0.37989999 | I72: 49575.07 | J72: 2 | K72: 41235 | L72: 49575.07 | M72: 41317 | N72: =IF(M72="",$P$2-K72,M72-K72) -> 82 | O72: =IF(L72="en attente",I72,"") | P72: =IF(K72="",I72-L72,0) -> 0
A73: LE LAVOIR | H73: =I73/$H$70+H72 -> 0.5258 | I73: 90525.7 | J73: 3 | K73: 41313 | L73: 90525.7 | M73: 41388 | N73: =IF(M73="",$P$2-K73,M73-K73) -> 75 | O73: =IF(L73="en attente",I73,"") | P73: =IF(K73="",I73-L73,0) -> 0
A74: LE LAVOIR | H74: =I74/$H$70+H73 -> 0.5916 | I74: 40826.53 | J74: 4 | K74: 41361 | L74: 40826.53 | M74: 41416 | N74: =IF(M74="",$P$2-K74,M74-K74) -> 55 | O74: =IF(L74="en attente",I74,"") | P74: =IF(K74="",I74-L74,0) -> 0
A75: LE LAVOIR | H75: =I75/$H$70+H74 -> 0.6998 | I75: 67134.21 | J75: 5 | K75: 41423 | L75: 67134.21 | M75: 41473 | N75: =IF(M75="",$P$2-K75,M75-K75) -> 50 | O75: =IF(L75="en attente",I75,"") | P75: =IF(K75="",I75-L75,0) -> 0
A76: LE LAVOIR | H76: =I76/$H$70+H75 -> 0.8 | I76: 62170.49 | J76: 6 | K76: 41463 | L76: 62170.49 | M76: 41522 | N76: =IF(M76="",$P$2-K76,M76-K76) -> 59 | O76: =IF(L76="en attente",I76,"") | P76: =IF(K76="",I76-L76,0) -> 0
A77: LE LAVOIR | H77: =I77/$H$70+H76 -> 1 | I77: 124092.8 | J77: 7 | K77: 42318 | L77: en attente | O77: =IF(L77="en attente",I77,"") -> 124092.8 | P77: =IF(K77="",I77-L77,0) -> 0
A78: LES PECHERS | C78: 40848 | D78: =DATE(YEAR(C78),MONTH(C78)+18,DAY(C78)) -> 41395 | E78: 40924 | F78: =DATE(YEAR(C78)+4,MONTH(C78),DAY(C78)) -> 42309 | G78: 41429 | H78: 355000 | L78: =SUM(L79:L83) -> 355000 | O78: =SUM(O79:O83) -> 0 | P78: =SUM(P79:P83) -> 0 | R78: =H78-(L78+O78+P78) -> 0
A79: LES PECHERS | H79: =I79/$H$78 -> 0.3 | I79: 106500 | J79: 1 | K79: 41052 | L79: 106500 | M79: 41102 | N79: =IF(M79="",$P$2-K79,M79-K79) -> 50 | O79: =IF(L79="en attente",I79,"") | P79: =IF(K79="",I79-L79,0) -> 0
A80: LES PECHERS | H80: =I80/$H$78+H79 -> 0.5566 | I80: 91093 | J80: 2 | K80: 41200 | L80: 91093 | M80: 41243 | N80: =IF(M80="",$P$2-K80,M80-K80) -> 43 | O80: =IF(L80="en attente",I80,"") | P80: =IF(K80="",I80-L80,0) -> 0
A81: LES PECHERS | H81: =I81/$H$78+H80 -> 0.6524 | I81: 34009 | J81: 3 | K81: 41362 | L81: 34009 | M81: 41444 | N81: =IF(M81="",$P$2-K81,M81-K81) -> 82 | O81: =IF(L81="en attente",I81,"") | P81: =IF(K81="",I81-L81,0) -> 0
A82: LES PECHERS | H82: =I82/$H$78+H81 -> 0.8 | I82: 52398 | J82: 4 | K82: 41466 | L82: 52398 | M82: 41522 | N82: =IF(M82="",$P$2-K82,M82-K82) -> 56 | O82: =IF(L82="en attente",I82,"") | P82: =IF(K82="",I82-L82,0) -> 0
A83: LES PECHERS | H83: =I83/$H$78+H82 -> 1 | I83: 71000 | J83: 5 | K83: 42271 | L83: 71000 | M83: 42325 | N83: =IF(M83="",$P$2-K83,M83-K83) -> 54 | O83: =IF(L83="en attente",I83,"") | P83: =IF(K83="",I83-L83,0) -> 0
A84: VEFA ROSIERS 51 LLS | C84: 40848 | D84: =DATE(YEAR(C84),MONTH(C84)+18,DAY(C84)) -> 41395 | E84: 40910 | F84: =DATE(YEAR(C84)+4,MONTH(C84),DAY(C84)) -> 42309 | G84: 41606 | H84: 300000 | L84: =SUM(L85:L88) -> 300000 | O84: =SUM(O85:O88) -> 0 | P84: =SUM(P85:P88) -> 0 | R84: =H84-(L84+O84+P84) -> 0
A85: VEFA ROSIERS 51 LLS | H85: =I85/$H$84 -> 0.3 | I85: 90000 | J85: 1 | K85: 41038 | L85: 90000 | M85: 41102 | N85: =IF(M85="",$P$2-K85,M85-K85) -> 64 | O85: =IF(L85="en attente",I85,"") | P85: =IF(K85="",I85-L85,0) -> 0
A86: VEFA ROSIERS 51 LLS | H86: =I86/$H$84+H85 -> 0.6006 | I86: 90180 | J86: 2 | K86: 41240 | L86: 90180 | M86: 41416 | N86: =IF(M86="",$P$2-K86,M86-K86) -> 176 | O86: =IF(L86="en attente",I86,"") | P86: =IF(K86="",I86-L86,0) -> 0
A87: VEFA ROSIERS 51 LLS | H87: =I87/$H$84+H86 -> 0.8 | I87: 59820 | J87: 3 | K87: 41423 | L87: 59820 | M87: 41505 | N87: =IF(M87="",$P$2-K87,M87-K87) -> 82 | O87: =IF(L87="en attente",I87,"") | P87: =IF(K87="",I87-L87,0) -> 0
A88: VEFA ROSIERS 51 LLS | H88: =I88/$H$84+H87 -> 1 | I88: 60000 | J88: 4 | K88: 42278 | L88: 60000 | M88: 42325 | N88: =IF(M88="",$P$2-K88,M88-K88) -> 47 | O88: =IF(L88="en attente",I88,"") | P88: =IF(K88="",I88-L88,0) -> 0
A89: VEFA ROSIERS 6 LLTS | C89: 40848 | D89: =DATE(YEAR(C89),MONTH(C89)+18,DAY(C89)) -> 41395 | E89: 40910 | F89: =DATE(YEAR(C89)+4,MONTH(C89),DAY(C89)) -> 42309 | G89: 41606 | H89: 100000 | L89: =SUM(L90:L93) -> 100000 | O89: =SUM(O90:O93) -> 0 | P89: =SUM(P90:P93) -> 0 | R89: =H89-(L89+O89+P89) -> 0
A90: VEFA ROSIERS 6 LLTS | H90: =I90/$H$89 -> 0.3 | I90: 30000 | J90: 1 | K90: 41038 | L90: 30000 | M90: 41102 | N90: =IF(M90="",$P$2-K90,M90-K90) -> 64 | O90: =IF(L90="en attente",I90,"") | P90: =IF(K90="",I90-L90,0) -> 0
A91: VEFA ROSIERS 6 LLTS | H91: =I91/$H$89+H90 -> 0.601 | I91: 30100 | J91: 2 | K91: 41240 | L91: 30100 | M91: 41416 | N91: =IF(M91="",$P$2-K91,M91-K91) -> 176 | O91: =IF(L91="en attente",I91,"") | P91: =IF(K91="",I91-L91,0) -> 0
A92: VEFA ROSIERS 6 LLTS | H92: =I92/$H$89+H91 -> 0.8 | I92: 19900 | J92: 3 | K92: 41423 | L92: 19900 | M92: 41505 | N92: =IF(M92="",$P$2-K92,M92-K92) -> 82 | O92: =IF(L92="en attente",I92,"") | P92: =IF(K92="",I92-L92,0) -> 0
A93: VEFA ROSIERS 6 LLTS | H93: =I93/$H$89+H92 -> 1 | I93: 20000 | J93: 4 | K93: 42278 | L93: 20000 | M93: 42312 | N93: =IF(M93="",$P$2-K93,M93-K93) -> 34 | O93: =IF(L93="en attente",I93,"") | P93: =IF(K93="",I93-L93,0) -> 0
A94: POKER D'AS | B94: N° 12-0419 | C94: 41081 | D94: =DATE(YEAR(C94),MONTH(C94)+18,DAY(C94)) -> 41629 | E94: 41309 | F94: =DATE(YEAR(C94)+4,MONTH(C94),DAY(C94)) -> 42542 | G94: 41992 | H94: 60000 | L94: =SUM(L95:L96) -> 18000 | O94: =SUM(O95:O96) -> 0 | P94: =SUM(P95:P96) -> 42000 | R94: =H94-(L94+O94+P94) -> 0
A95: POKER D'AS | H95: =I95/H94 -> 0.3 | I95: 18000 | J95: 1 | K95: 41313 | L95: 18000 | M95: 41388 | N95: =IF(M95="",$P$2-K95,M95-K95) -> 75 | O95: =IF(L95="en attente",I95,"") | P95: =IF(K95="",I95-L95,0) -> 0
A96: POKER D'AS | H96: =I96/H94+H95 -> 1 | I96: =H94-SUM(I95) -> 42000 | J96: 2 | O96: =IF(L96="en attente",I96,"") | P96: =IF(K96="",I96-L96,0) -> 42000
A97: POKER D'AS | B97: N° 12-0416 | C97: 41053 | D97: =DATE(YEAR(C97),MONTH(C97)+18,DAY(C97)) -> 41602 | E97: 41309 | F97: =DATE(YEAR(C97)+4,MONTH(C97),DAY(C97)) -> 42514 | G97: 41992 | H97: 1 | L97: =SUM(L98) -> 0 | O97: =SUM(O98) -> 0 | P97: =SUM(P98) -> 1 | R97: =H97-(L97+O97+P97) -> 0
A98: POKER D'AS | I98: 1 | J98: 1 | O98: =IF(L98="en attente",I98,"") | P98: =IF(K98="",I98-L98,0) -> 1
A99: LAURENCY | B99: 12-0655 | C99: 41177 | D99: =DATE(YEAR(C99),MONTH(C99)+18,DAY(C99)) -> 41723 | E99: 41295 | F99: =DATE(YEAR(C99)+4,MONTH(C99),DAY(C99)) -> 42638 | H99: 558000 | L99: =SUM(L100:L106) -> 439201.8 | O99: =SUM(O100:O106) -> 0 | P99: =SUM(P100:P106) -> 118798.2 | R99: =H99-(L99+O99+P99) -> 0
A100: LAURENCY | H100: =I100/$H$99 -> 0.3 | I100: 167400 | J100: 1 | K100: 41281 | L100: 167400 | M100: 41415 | N100: =IF(M100="",$P$2-K100,M100-K100) -> 134 | O100: =IF(L100="en attente",I100,"") | P100: =IF(K100="",I100-L100,0) -> 0
A101: LAURENCY | H101: =I101/$H$99+H100 -> 0.3559 | I101: 31192.2 | J101: 2 | K101: 41281 | L101: 31192.2 | M101: 41745 | N101: =IF(M101="",$P$2-K101,M101-K101) -> 464 | O101: =IF(L101="en attente",I101,"") | P101: =IF(K101="",I101-L101,0) -> 0
A102: LAURENCY | H102: =I102/$H$99+H101 -> 0.4375 | I102: 45532.8 | J102: 3 | K102: 41702 | L102: 45532.8 | M102: 41745 | N102: =IF(M102="",$P$2-K102,M102-K102) -> 43 | O102: =IF(L102="en attente",I102,"") | P102: =IF(K102="",I102-L102,0) -> 0
...

Sheet FRAFU DEAL
A2: ETAT DES CREANCES : FRAFU DEAL | P2: =TODAY() -> 42435
I4: APPELS DE FONDS | O4: RESTE A PERCEVOIR | Q4: Observations
A5: Opération | C5: Signature | D5: Date limite démarrage | E5: Date OS | F5: Fin convention | G5: Date DAT | H5: BUDGET | I5: Montant | J5: N° | K5: Date | L5: Payé | M5: Date | N5: Nbre js d'impayés | O5: A payer | P5: Non appelé
A6: FRAFU JULES VIENNE | C6: 40506 | D6: =DATE(YEAR(C6)+2,MONTH(C6),DAY(C6)) -> 41237 | E6: 40945 | F6: =DATE(YEAR(E6)+4,MONTH(E6),DAY(E6)) -> 42406 | G6: 41669 | H6: 555000 | L6: =SUM(L7:L12) -> 555000 | O6: =SUM(O7:O12) -> 0 | P6: =SUM(P7:P12) -> 0 | R6: =H6-(L6+O6+P6) -> 0
A7: FRAFU JULES VIENNE | I7: 242850 | J7: 1 | K7: 40648 | L7: 242850 | M7: 40787 | N7: =IF(M7="",$P$2-K7,M7-K7) -> 139 | O7: =IF(L7="en attente",I7,"") | P7: =IF(K7="",I7-L7,0) -> 0
A8: FRAFU JULES VIENNE | I8: 45966.39 | J8: 2 | K8: 41073 | L8: 45966.39 | M8: 41170 | N8: =IF(M8="",$P$2-K8,M8-K8) -> 97 | O8: =IF(L8="en attente",I8,"") | P8: =IF(K8="",I8-L8,0) -> 0
A9: FRAFU JULES VIENNE | I9: 45329.07 | J9: 3 | K9: 41143 | L9: 45329.07 | M9: 41187 | N9: =IF(M9="",$P$2-K9,M9-K9) -> 44 | O9: =IF(L9="en attente",I9,"") | P9: =IF(K9="",I9-L9,0) -> 0
A10: FRAFU JULES VIENNE | I10: 70348.05 | J10: 4 | K10: 41192 | L10: 70348.05 | M10: 41243 | N10: =IF(M10="",$P$2-K10,M10-K10) -> 51 | O10: =IF(L10="en attente",I10,"") | P10: =IF(K10="",I10-L10,0) -> 0
A11: FRAFU JULES VIENNE | I11: 40785.4 | J11: 5 | K11: 41387 | L11: 40785.4 | M11: 41551 | N11: =IF(M11="",$P$2-K11,M11-K11) -> 164 | O11: =IF(L11="en attente",I11,"") | P11: =IF(K11="",I11-L11,0) -> 0
A12: FRAFU JULES VIENNE | I12: 109721.09 | J12: 6 | K12: 41957 | L12: 109721.09 | M12: 42104 | N12: =IF(M12="",$P$2-K12,M12-K12) -> 147 | O12: =IF(L12="en attente",I12,"") | P12: =IF(K12="",I12-L12,0) -> 0
A13: FRAFU P'TIT CANAL | C13: 40491 | D13: =DATE(YEAR(C13)+2,MONTH(C13),DAY(C13)) -> 41222 | E13: 40939 | F13: =DATE(YEAR(E13)+4,MONTH(E13),DAY(E13)) -> 42400 | G13: 41709 | H13: 400000 | L13: =SUM(L14:L19) -> 400000 | O13: =SUM(O14:O19) -> 0 | P13: =SUM(P14:P19) -> 0 | R13: =H13-(L13+O13+P13) -> 0
A14: FRAFU P'TIT CANAL | H14: =I14/$H$13 -> 0.2373 | I14: 94920 | J14: 1 | K14: 40561 | L14: 94920 | M14: 40877 | N14: =IF(M14="",$P$2-K14,M14-K14) -> 316 | O14: =IF(L14="en attente",I14,"") | P14: =IF(K14="",I14-L14,0) -> 0
A15: FRAFU P'TIT CANAL | H15: =I15/$H$13+H14 -> 0.4149225 | I15: 71049 | J15: 2 | K15: 41143 | L15: 71049 | M15: 41257 | N15: =IF(M15="",$P$2-K15,M15-K15) -> 114 | O15: =IF(L15="en attente",I15,"") | P15: =IF(K15="",I15-L15,0) -> 0
A16: FRAFU P'TIT CANAL | H16: =I16/$H$13+H15 -> 0.54004782 | I16: 50050.13 | J16: 3 | K16: 41191 | L16: 50050.13 | M16: 41987 | N16: =IF(M16="",$P$2-K16,M16-K16) -> 796 | O16: =IF(L16="en attente",I16,"") | P16: =IF(K16="",I16-L16,0) -> 0
A17: FRAFU P'TIT CANAL | H17: =I17/$H$13+H16 -> 0.65286377 | I17: 45126.38 | J17: 4 | K17: 41361 | L17: 45126.38 | M17: 41508 | N17: =IF(M17="",$P$2-K17,M17-K17) -> 147 | O17: =IF(L17="en attente",I17,"") | P17: =IF(K17="",I17-L17,0) -> 0
A18: FRAFU P'TIT CANAL | H18: =I18/$H$13+H17 -> 0.7868041 | I18: 53576.13 | J18: 5 | K18: 41549 | L18: 53576.13 | M18: 41680 | N18: =IF(M18="",$P$2-K18,M18-K18) -> 131 | O18: =IF(L18="en attente",I18,"") | P18: =IF(K18="",I18-L18,0) -> 0
A19: FRAFU P'TIT CANAL | H19: =I19/$H$13+H18 -> 1 | I19: 85278.36 | J19: 6 | K19: 42037 | L19: 85278.36 | M19: 42314 | N19: =IF(M19="",$P$2-K19,M19-K19) -> 277 | O19: =IF(L19="en attente",I19,"") | P19: =IF(K19="",I19-L19,0) -> 0
A20: FRAFU DESIRE | C20: 40506 | D20: =DATE(YEAR(C20)+2,MONTH(C20),DAY(C20)) -> 41237 | E20: 40721 | F20: =DATE(YEAR(E20)+4,MONTH(E20),DAY(E20)) -> 42182 | G20: 41605 | H20: 660000 | L20: =SUM(L21:L27) -> 656094.66 | O20: =SUM(O21:O27) -> 0 | P20: =SUM(P21:P27) -> 0 | R20: =H20-(L20+O20+P20) -> 3905.34
A21: FRAFU DESIRE | H21: =I21/$H$20 -> 0.23835909 | I21: 157317 | J21: 1 | K21: 40648 | L21: 157317 | M21: 40787 | N21: =IF(M21="",$P$2-K21,M21-K21) -> 139 | O21: =IF(L21="en attente",I21,"") | P21: =IF(K21="",I21-L21,0) -> 0
A22: FRAFU DESIRE | H22: =I22/$H$20+H21 -> 0.40604545 | I22: 110673 | J22: 2 | K22: 40830 | L22: 110673 | M22: 40876 | N22: =IF(M22="",$P$2-K22,M22-K22) -> 46 | O22: =IF(L22="en attente",I22,"") | P22: =IF(K22="",I22-L22,0) -> 0
A23: FRAFU DESIRE | H23: =I23/$H$20+H22 -> 0.4722313 | I23: 43682.66 | J23: 3 | K23: 41143 | L23: 43682.66 | M23: 41187 | N23: =IF(M23="",$P$2-K23,M23-K23) -> 44 | O23: =IF(L23="en attente",I23,"") | P23: =IF(K23="",I23-L23,0) -> 0
A24: FRAFU DESIRE | H24: =I24/$H$20+H23 -> 0.68728847 | I24: 141937.73 | J24: 4 | K24: 41362 | L24: 141937.73 | M24: 41428 | N24: =IF(M24="",$P$2-K24,M24-K24) -> 66 | O24: =IF(L24="en attente",I24,"") | P24: =IF(K24="",I24-L24,0) -> 0
A25: FRAFU DESIRE | H25: =I25/$H$20+H24 -> 0.76837297 | I25: 53515.77 | J25: 5 | K25: 41549 | L25: 53515.77 | M25: 41638 | N25: =IF(M25="",$P$2-K25,M25-K25) -> 89 | O25: =IF(L25="en attente",I25,"") | P25: =IF(K25="",I25-L25,0) -> 0
A26: FRAFU DESIRE | H26: =I26/$H$20+H25 -> 0.8 | I26: 20873.84 | J26: 6 | K26: 41673 | L26: 20873.84 | M26: 41743 | N26: =IF(M26="",$P$2-K26,M26-K26) -> 70 | O26: =IF(L26="en attente",I26,"") | P26: =IF(K26="",I26-L26,0) -> 0
A27: FRAFU DESIRE | H27: =I27/$H$20+H26 -> 1 | I27: 132000 | J27: 7 | K27: 42214 | L27: 128094.66 | M27: 42307 | N27: =IF(M27="",$P$2-K27,M27-K27) -> 93 | O27: =IF(L27="en attente",I27,"") | P27: =IF(K27="",I27-L27,0) -> 0
A28: FRAFU LAVOIR | C28: 40795 | H28: 280000 | L28: =SUM(L29:L32) -> 280000 | O28: =SUM(O29:O32) -> 0 | P28: =SUM(P29:P32) -> 0 | R28: =H28-(L28+O28+P28) -> 0
A29: FRAFU LAVOIR | I29: 129444 | J29: 1 | K29: 41143 | L29: 129444 | M29: 41199 | N29: =IF(M29="",$P$2-K29,M29-K29) -> 56 | O29: =IF(L29="en attente",I29,"") | P29: =IF(K29="",I29-L29,0) -> 0
A30: FRAFU LAVOIR | I30: 41989.59 | J30: 2 | K30: 41423 | L30: 41989.59 | M30: 41551 | N30: =IF(M30="",$P$2-K30,M30-K30) -> 128 | O30: =IF(L30="en attente",I30,"") | P30: =IF(K30="",I30-L30,0) -> 0
A31: FRAFU LAVOIR | I31: 52566.41 | J31: 3 | K31: 41673 | L31: 52566.41 | M31: 41743 | N31: =IF(M31="",$P$2-K31,M31-K31) -> 70 | O31: =IF(L31="en attente",I31,"") | P31: =IF(K31="",I31-L31,0) -> 0
A32: FRAFU LAVOIR | I32: 56000 | J32: 4 | K32: 42034 | L32: 56000 | M32: 42069 | N32: =IF(M32="",$P$2-K32,M32-K32) -> 35 | O32: =IF(L32="en attente",I32,"") | P32: =IF(K32="",I32-L32,0) -> 0 | Q32: Soldé - ok
A33: FRAFU AUBEPINES | B33: N° SHLS-FRAFU-11-0016 | C33: 40864 | D33: =DATE(YEAR(C33)+2,MONTH(C33),DAY(C33)) -> 41595 | E33: 41309 | F33: =DATE(YEAR(E33)+4,MONTH(E33),DAY(E33)) -> 42770 | H33: 340000 | L33: =SUM(L34:L37) -> 258502 | O33: =SUM(O34:O37) -> 0 | P33: =SUM(P34:P37) -> 81498 | R33: =H33-(L33+O33+P33) -> 0
A34: FRAFU AUBEPINES | H34: =I34/$H$33 -> 0.4381 | I34: 148954 | J34: 1 | K34: 40892 | L34: 148954 | M34: 40994 | N34: =IF(M34="",$P$2-K34,M34-K34) -> 102 | O34: =IF(L34="en attente",I34,"") | P34: =IF(K34="",I34-L34,0) -> 0
A35: FRAFU AUBEPINES | H35: =I35/$H$33+H34 -> 0.569 | I35: 44506 | J35: 2 | K35: 41549 | L35: 44506 | M35: 41680 | N35: =IF(M35="",$P$2-K35,M35-K35) -> 131 | O35: =IF(L35="en attente",I35,"") | P35: =IF(K35="",I35-L35,0) -> 0
A36: FRAFU AUBEPINES | H36: 0.7603 | I36: 65042 | J36: 3 | K36: 42325 | L36: 65042 | M36: 42422 | O36: =IF(L36="en attente",I36,"") | P36: =IF(K36="",I36-L36,0) -> 0
A37: FRAFU AUBEPINES | H37: 1 | I37: 81498 | O37: =IF(L37="en attente",I37,"") | P37: =IF(K37="",I37-L37,0) -> 81498
A38: FRAFU BOUTON D'OR | B38: N° SHLS-FRAFU-11-0024 | C38: 40864 | D38: =DATE(YEAR(C38)+2,MONTH(C38),DAY(C38)) -> 41595 | E38: 41303 | F38: =DATE(YEAR(E38)+4,MONTH(E38),DAY(E38)) -> 42764 | H38: 1300000 | L38: =SUM(L39:L44) -> 1040000 | O38: =SUM(O39:O44) -> 0 | P38: =SUM(P39:P44) -> 260000 | R38: =H38-(L38+O38+P38) -> 0
A39: FRAFU BOUTON D'OR | H39: =I39/$H$38 -> 0.4863 | I39: 632190 | J39: 1 | K39: 40962 | L39: 632190 | M39: 41067 | N39: =IF(M39="",$P$2-K39,M39-K39) -> 105 | O39: =IF(L39="en attente",I39,"") | P39: =IF(K39="",I39-L39,0) -> 0
A40: FRAFU BOUTON D'OR | H40: =I40/$H$38+H39 -> 0.56350457 | I40: 100365.94 | J40: 2 | K40: 41549 | L40: 100365.94 | M40: 41653 | N40: =IF(M40="",$P$2-K40,M40-K40) -> 104 | O40: =IF(L40="en attente",I40,"") | P40: =IF(K40="",I40-L40,0) -> 0
A41: FRAFU BOUTON D'OR | H41: =I41/$H$38+H40 -> 0.68899496 | I41: 163137.51 | J41: 3 | K41: 41673 | L41: 163137.51 | M41: 41731 | N41: =IF(M41="",$P$2-K41,M41-K41) -> 58 | O41: =IF(L41="en attente",I41,"") | P41: =IF(K41="",I41-L41,0) -> 0
A42: FRAFU BOUTON D'OR | H42: =I42/$H$38+H41 -> 0.7155204 | I42: 34483.07 | J42: 4 | K42: 41941 | L42: 34483.07 | M42: 42030 | N42: =IF(M42="",$P$2-K42,M42-K42) -> 89 | O42: =IF(L42="en attente",I42,"") | P42: =IF(K42="",I42-L42,0) -> 0
A43: FRAFU BOUTON D'OR | H43: =I43/$H$38+H42 -> 0.8 | I43: 109823.48 | J43: 5 | K43: 42264 | L43: 109823.48 | M43: 42325 | N43: =IF(M43="",$P$2-K43,M43-K43) -> 61 | O43: =IF(L43="en attente",I43,"") | P43: =IF(K43="",I43-L43,0) -> 0
A44: FRAFU BOUTON D'OR | H44: =I44/$H$38+H43 -> 1 | I44: 260000 | O44: =IF(L44="en attente",I44,"") | P44: =IF(K44="",I44-L44,0) -> 260000
A45: FRAFU MIMOSAS | B45: N° SHLS-FRAFU-11-0023 | C45: 40864 | D45: =DATE(YEAR(C45)+2,MONTH(C45),DAY(C45)) -> 41595 | E45: 41309 | F45: =DATE(YEAR(E45)+4,MONTH(E45),DAY(E45)) -> 42770 | G45: 42202 | H45: 800000 | L45: =SUM(L46:L48) -> 322694.14 | O45: =SUM(O46:O48) -> 0 | P45: =SUM(P46:P48) -> 477305.86 | R45: =H45-(L45+O45+P45) -> 0
A46: FRAFU MIMOSAS | H46: =I46/$H$45 -> 0.19969689 | I46: 159757.51 | J46: 1 | K46: 41701 | L46: 159757.51 | M46: 41758 | N46: =IF(M46="",$P$2-K46,M46-K46) -> 57 | O46: =IF(L46="en attente",I46,"") | P46: =IF(K46="",I46-L46,0) -> 0
A47: FRAFU MIMOSAS | H47: =I47/$H$45+H46 -> 0.40336768 | I47: 162936.63 | J47: 2 | K47: 42032 | L47: 162936.63 | M47: 42075 | N47: =IF(M47="",$P$2-K47,M47-K47) -> 43 | O47: =IF(L47="en attente",I47,"") | P47: =IF(K47="",I47-L47,0) -> 0
A48: FRAFU MIMOSAS | H48: =I48/$H$45+H47 -> 1 | I48: =H45-I46-I47 -> 477305.86 | J48: 3 | O48: =IF(L48="en attente",I48,"") | P48: =IF(K48="",I48-L48,0) -> 477305.86
A49: FRAFU LAURENCY | B49: N° SHLS-FRAFU-12-0006 | C49: 41207 | D49: =DATE(YEAR(C49)+2,MONTH(C49),DAY(C49)) -> 41937 | E49: 41295 | F49: =DATE(YEAR(E49)+4,MONTH(E49),DAY(E49)) -> 42756 | H49: 440000 | L49: =SUM(L50:L52) -> 352000 | O49: =SUM(O50:O52) -> 0 | P49: =SUM(P50:P52) -> 88000 | R49: =H49-(L49+O49+P49) -> 0
A50: FRAFU LAURENCY | H50: =I50/$H$49 -> 0.39935325 | I50: 175715.43 | J50: 1 | K50: 41554 | L50: 175715.43 | M50: 41683 | N50: =IF(M50="",$P$2-K50,M50-K50) -> 129 | O50: =IF(L50="en attente",I50,"") | P50: =IF(K50="",I50-L50,0) -> 0
A51: FRAFU LAURENCY | H51: =I51/$H$49+H50 -> 0.8 | I51: 176284.57 | J51: 2 | K51: 42261 | L51: 176284.57 | M51: 42314 | O51: =IF(L51="en attente",I51,"") | P51: =IF(K51="",I51-L51,0) -> 0
A52: FRAFU LAURENCY | H52: =I52/$H$49+H51 -> 1 | I52: 88000 | J52: 3 | O52: =IF(L52="en attente",I52,"") | P52: =IF(K52="",I52-L52,0) -> 88000
A53: FRAFU LE CAP | B53: N° SHLS-FRAFU- 12-0007 | C53: 41185 | D53: =DATE(YEAR(C53)+2,MONTH(C53),DAY(C53)) -> 41915 | E53: 41554 | F53: =DATE(YEAR(E53)+4,MONTH(E53),DAY(E53)) -> 43015 | H53: 480000 | L53: =SUM(L54:L57) -> 351968.87 | O53: =SUM(O54:O57) -> 86025.01 | P53: =SUM(P54:P57) -> 128031.13 | R53: =H53-(L53+O53+P53) -> -86025.01
A54: FRAFU LE CAP | H54: =I54/$H$53 -> 0.37244579 | I54: 178773.98 | J54: 1 | K54: 41674 | L54: 178773.98 | M54: 41736 | N54: =IF(M54="",$P$2-K54,M54-K54) -> 62 | O54: =IF(L54="en attente",I54,"") | P54: =IF(K54="",I54-L54,0) -> 0
A55: FRAFU LE CAP | H55: =I55/$H$53+H54 -> 0.55404971 | I55: 87169.88 | J55: 2 | K55: 41869 | L55: 87169.88 | M55: 41915 | N55: =IF(M55="",$P$2-K55,M55-K55) -> 46 | O55: =IF(L55="en attente",I55,"") | P55: =IF(K55="",I55-L55,0) -> 0
A56: FRAFU LE CAP | H56: 0.7333 | I56: 86025.01 | J56: 3 | K56: 42327 | L56: 86025.01 | M56: 42422 | O56: 86025.01 | P56: =IF(K56="",I56-L56,0) -> 0
A57: FRAFU LE CAP | H57: 1 | I57: =H53-SUM(I54:I56) -> 128031.13 | J57: 5 | O57: =IF(L57="en attente",I57,"") | P57: =IF(K57="",I57-L57,0) -> 128031.13
A58: FRAFU DESIRE 2 | B58: N° SHLS-FRAFU-12-0002 | C58: 41185 | D58: =DATE(YEAR(C58)+2,MONTH(C58),DAY(C58)) -> 41915 | E58: 41400 | F58: =DATE(YEAR(E58)+4,MONTH(E58),DAY(E58)) -> 42861 | G58: 41883 | H58: 138200 | L58: =SUM(L59:L60) -> 109999.23 | O58: =SUM(O59:O60) -> 0 | P58: =SUM(P59:P60) -> 28200.77 | R58: =H58-(L58+O58+P58) -> 0
A59: FRAFU DESIRE 2 | H59: =I59/$H$58 -> 0.79594233 | I59: 109999.23 | J59: 1 | K59: 41746 | L59: 109999.23 | M59: 41827 | N59: =IF(M59="",$P$2-K59,M59-K59) -> 81 | O59: =IF(L59="en attente",I59,"") | P59: =IF(K59="",I59-L59,0) -> 0
A60: FRAFU DESIRE 2 | H60: =I60/$H$58+H59 -> 1 | I60: =+H58-L59 -> 28200.77 | J60: 2 | O60: =IF(L60="en attente",I60,"") | P60: =IF(K60="",I60-L60,0) -> 28200.77
A61: FRAFU TAKAMAKA | B61: N° SHLS-FRAFU-13-0009 | C61: 41600 | D61: =DATE(YEAR(C61)+2,MONTH(C61),DAY(C61)) -> 42330 | E61: 41848 | F61: =DATE(YEAR(E61)+4,MONTH(E61),DAY(E61)) -> 43309 | G61: 42313 | H61: 238500 | L61: =SUM(L62:L64) -> 190800 | O61: =SUM(O62:O64) -> 0 | P61: =SUM(P62:P64) -> 47700 | R61: =H61-(L61+O61+P61) -> 0
A62: FRAFU TAKAMAKA | H62: =I62/$H$61 -> 0.52422373 | I62: 125027.36 | J62: 1 | K62: 41869 | L62: 125027.36 | M62: 41925 | N62: =IF(M62="",$P$2-K62,M62-K62) -> 56 | O62: =IF(L62="en attente",I62,"") | P62: =IF(K62="",I62-L62,0) -> 0
A63: FRAFU TAKAMAKA | H63: =I63/$H$61+H62 -> 0.8 | I63: 65772.64 | J63: 2 | K63: 42264 | L63: 65772.64 | M63: 42325 | O63: =IF(L63="en attente",I63,"") | P63: =IF(K63="",I63-L63,0) -> 0
A64: FRAFU TAKAMAKA | H64: =I64/$H$61+H63 -> 1 | I64: =H61-SUM(I62:I63) -> 47700 | J64: 3 | O64: =IF(L64="en attente",I64,"") | P64: =IF(K64="",I64-L64,0) -> 47700
A65: FRAFU AMARYLLIS | B65: N° SHLS-FRAFU-13-0002 | C65: 41570 | D65: =DATE(YEAR(C65)+2,MONTH(C65),DAY(C65)) -> 42300 | E65: 41900 | F65: =DATE(YEAR(E65)+4,MONTH(E65),DAY(E65)) -> 43361 | H65: 180000 | L65: =SUM(L66:L69) -> 0 | O65: =SUM(O66) -> 63214 | P65: =SUM(P66:P69) -> 116786 | R65: =H65-(L65+O65+P65) -> 0
A66: FRAFU AMARYLLIS | H66: 0.3512 | I66: 63214 | J66: 1 | K66: 42376 | L66: en attente | O66: =IF(L66="en attente",I66,"") -> 63214 | P66: =IF(K66="",I66-L66,0) -> 0
A67: FRAFU AMARYLLIS | H67: 0.65 | I67: =(H65*H67)-I66 -> 53786 | J67: 2 | O67: =IF(L67="en attente",I67,"") | P67: =IF(K67="",I67-L67,0) -> 53786
A68: FRAFU AMARYLLIS | H68: 0.8 | I68: =(H65*H68)-(I66+I67) -> 27000 | J68: 3 | O68: =IF(L68="en attente",I68,"") | P68: =IF(K68="",I68-L68,0) -> 27000
A69: FRAFU AMARYLLIS | H69: =I69/$H$65+H68 -> 1 | I69: =H65-(I66+I67+I68) -> 36000 | J69: 4 | O69: =IF(L69="en attente",I69,"") | P69: =IF(K69="",I69-L69,0) -> 36000
A70: FRAFU TAMARINIERS | B70: N° SHLS-FRAFU-13-0007 | C70: 41544 | D70: =DATE(YEAR(C70)+2,MONTH(C70),DAY(C70)) -> 42274 | E70: 41801 | F70: =DATE(YEAR(E70)+4,MONTH(E70),DAY(E70)) -> 43262 | H70: 1303101.7 | L70: =SUM(L71:L76) -> 612508.7 | O70: =SUM(O71) -> 0 | P70: =SUM(P71:P76) -> 557252.19 | R70: =H70-(L70+O70+P70) -> 133340.8
A71: FRAFU TAMARINIERS | H71: =I71/$H$70 -> 0.47003907 | I71: 612508.7 | J71: 1 | K71: 42226 | L71: 612508.7 | M71: 42307 | O71: =IF(L71="en attente",I71,"") | P71: =IF(K71="",I71-L71,0) -> 0
A72: FRAFU TAMARINIERS | H72: 0.5724 | I72: 133340.8 | J72: 2 | K72: 42409 | L72: en attente | O72: =IF(L72="en attente",I72,"") -> 133340.8 | P72: =IF(K72="",I72-L72,0) -> 0
A73: FRAFU TAMARINIERS | H73: =I73/$H$70+H72 -> 0.67216198 | I73: 130000 | J73: 3 | O73: =IF(L73="en attente",I73,"") | P73: =IF(K73="",I73-L73,0) -> 130000
A74: FRAFU TAMARINIERS | H74: =I74/$H$70+H73 -> 0.77192395 | I74: 130000 | J74: 4 | O74: =IF(L74="en attente",I74,"") | P74: =IF(K74="",I74-L74,0) -> 130000
A75: FRAFU TAMARINIERS | H75: =I75/$H$70+H74 -> 0.80263803 | I75: 40023.56 | J75: 5 | O75: =IF(L75="en attente",I75,"") | P75: =IF(K75="",I75-L75,0) -> 40023.56
A76: FRAFU TAMARINIERS | H76: =I76/$H$70+H75 -> 1.0000352 | I76: =H70-(I71+I72+I73+I74+I75) -> 257228.63 | J76: 6 | O76: =IF(L76="en attente",I76,"") | P76: =IF(K76="",I76-L76,0) -> 257228.63
A77: FRAFU PARC A MOUTON | B77: N° SHLS-FRAFU-13-0006 | C77: 41544 | D77: =DATE(YEAR(C77)+2,MONTH(C77),DAY(C77)) -> 42274 | E77: 41729 | F77: =DATE(YEAR(E77)+4,MONTH(E77),DAY(E77)) -> 43190 | H77: 680000 | L77: =SUM(L78:L80) -> 543734.56 | O77: =SUM(O78:O80) -> 0 | P77: =SUM(P78:P80) -> 136265.44 | R77: =H77-(L77+O77+P77) -> 0
A78: FRAFU PARC A MOUTON | H78: =I78/$H$77 -> 0.47570762 | I78: 323481.18 | J78: 1 | K78: 41746 | L78: 323481.18 | M78: 41814 | N78: =IF(M78="",$P$2-K78,M78-K78) -> 68 | O78: =IF(L78="en attente",I78,"") | P78: =IF(K78="",I78-L78,0) -> 0
A79: FRAFU PARC A MOUTON | H79: =I79/$H$77+H78 -> 0.79960965 | I79: 220253.38 | J79: 2 | K79: 42264 | L79: 220253.38 | M79: 42325 | O79: =IF(L79="en attente",I79,"") | P79: =IF(K79="",I79-L79,0) -> 0
A80: FRAFU PARC A MOUTON | H80: =I80/$H$77+H79 -> 1 | I80: =H77-SUM(I78:I79) -> 136265.44 | J80: 4 | O80: =IF(L80="en attente",I80,"") | P80: =IF(K80="",I80-L80,0) -> 136265.44
A81: FRAFU JOSEPHA FONTAINE | B81: N° SHLS-FRAFU-13-0001 | C81: 41612 | D81: =DATE(YEAR(C81)+2,MONTH(C81),DAY(C81)) -> 42342 | E81: 42341 | F81: =DATE(YEAR(E81)+4,MONTH(E81),DAY(E81)) -> 43802 | H81: 300000 | L81: =SUM(L82:L85) -> 0 | O81: =SUM(O82) -> 132435.64 | P81: =SUM(P82:P85) -> 167564.36 | R81: =H81-(L81+O81+P81) -> 0
A82: FRAFU JOSEPHA FONTAINE | H82: 0.4415 | I82: 132435.64 | J82: 1 | K82: 42355 | L82: en attente | O82: =IF(L82="en attente",I82,"") -> 132435.64 | P82: =IF(K82="",I82-L82,0) -> 0 | Q82: dde prorogation à signature Deal 15 12 15
A83: FRAFU JOSEPHA FONTAINE | H83: 0.6 | I83: =180000-132435.64 -> 47564.36 | J83: 2 | O83: =IF(L83="en attente",I83,"") | P83: =IF(K83="",I83-L83,0) -> 47564.36
A84: FRAFU JOSEPHA FONTAINE | H84: 0.8 | I84: =240000-I82-I83 -> 60000 | J84: 4 | O84: =IF(L84="en attente",I84,"") | P84: =IF(K84="",I84-L84,0) -> 60000
A85: FRAFU JOSEPHA FONTAINE | H85: 1 | I85: =H81-I82-I83-I84 -> 60000 | J85: 5 | O85: =IF(L85="en attente",I85,"") | P85: =IF(K85="",I85-L85,0) -> 60000
A86: FRAFU BARRAGE | B86: N° SHLS-FRAFU-13-0005 | C86: 41544 | D86: =DATE(YEAR(C86)+2,MONTH(C86),DAY(C86)) -> 42274 | E86: 42142 | F86: =DATE(YEAR(E86)+4,MONTH(E86),DAY(E86)) -> 43603 | H86: 2200000 | L86: =SUM(L87:L89) -> 1125520 | O86: =SUM(O87:O89) -> 0 | P86: =SUM(P87:P89) -> 1074480 | R86: =H86-(L86+O86+P86) -> 0
A87: FRAFU BARRAGE | H87: 0.5016 | I87: 1125520 | J87: 1 | K87: 42314 | L87: 1125520 | M87: 42384 | O87: =IF(L87="en attente",I87,"") | P87: =IF(K87="",I87-L87,0) -> 0
A88: FRAFU BARRAGE | H88: 0.8 | I88: 634480 | J88: 17 | O88: =IF(L88="en attente",I88,"") | P88: =IF(K88="",I88-L88,0) -> 634480
A89: FRAFU BARRAGE | H89: =I89/$H$86+H88 -> 1 | I89: =H86-I87-I88 -> 440000 | J89: 18 | O89: =IF(L89="en attente",I89,"") | P89: =IF(K89="",I89-L89,0) -> 440000
A90: FRAFU FANFAN | B90: N° SHLS-FRAFU-13-0003 | C90: 41544 | D90: =DATE(YEAR(C90)+2,MONTH(C90),DAY(C90)) -> 42274 | E90: 41876 | F90: =DATE(YEAR(E90)+4,MONTH(E90),DAY(E90)) -> 43337 | H90: 480000 | L90: =SUM(L91:L95) -> 0 | O90: =SUM(O91:O95) -> 226957.77 | P90: =SUM(P91:P95) -> 253042.23 | R90: =H90-(L90+O90+P90) -> 0
A91: FRAFU FANFAN | H91: =I91/$H$90 -> 0.47282869 | I91: 226957.77 | J91: 1 | K91: 42264 | L91: en attente | O91: =IF(L91="en attente",I91,"") -> 226957.77 | P91: =IF(K91="",I91-L91,0) -> 0 | Q91: Montant dépenses éliggibles faux --> avenant 1
A92: FRAFU FANFAN | H92: =I92/$H$90+H91 -> 0.58741202 | I92: 55000 | J92: 2 | P92: =IF(K92="",I92-L92,0) -> 55000
A93: FRAFU FANFAN | H93: =I93/$H$90+H92 -> 0.72077869 | I93: 64016 | J93: 3 | O93: =IF(L93="en attente",I93,"") | P93: =IF(K93="",I93-L93,0) -> 64016
A94: FRAFU FANFAN | H94: =I94/$H$90+H93 -> 0.8 | I94: =0.8*H90-I91-I92-I93 -> 38026.23 | J94: 4 | P94: =IF(K94="",I94-L94,0) -> 38026.23
A95: FRAFU FANFAN | H95: =I95/$H$90+H93 -> 0.92077869 | I95: =0.2*H90 -> 96000 | J95: 5 | O95: =IF(L95="en attente",I95,"") | P95: =IF(K95="",I95-L95,0) -> 96000
A96: FRAFU RPA CHALOUPE | B96: N° SHLS-FRAFU-13-0004 | C96: 41620 | D96: =DATE(YEAR(C96)+2,MONTH(C96),DAY(C96)) -> 42350 | F96: =DATE(YEAR(E96)+4,MONTH(E96),DAY(E96)) -> 1461 | H96: 149758.61 | L96: =SUM(L97:L99) -> 0 | O96: =SUM(O99) -> 0 | P96: =SUM(P97:P99) -> 149758.61 | R96: =H96-(L96+O96+P96) -> 0.002
A97: FRAFU RPA CHALOUPE | H97: =I97/$H$96 -> 0.2 | I97: =0.2*H96 -> 29951.722 | J97: 1 | O97: =IF(L97="en attente",I97,"") | P97: =IF(K97="",I97-L97,0) -> 29951.722
A98: FRAFU RPA CHALOUPE | H98: =I98/$H$96+H97 -> 0.8 | I98: =0.6*H96 -> 89855.166 | J98: 2 | O98: =IF(L98="en attente",I98,"") | P98: =IF(K98="",I98-L98,0) -> 89855.166
A99: FRAFU RPA CHALOUPE | H99: =I99/$H$96+H98 -> 0.99999999 | I99: 29951.72 | J99: 3 | O99: =IF(L99="en attente",I99,"") | P99: =IF(K99="",I99-L99,0) -> 29951.72
A100: FRAFU MANAPANY | D100: =DATE(YEAR(C100)+2,MONTH(C100),DAY(C100)) -> 731 | F100: =DATE(YEAR(E100)+4,MONTH(E100),DAY(E100)) -> 1461 | H100: 315000 | L100: =SUM(L101:L108) -> 0 | O100: =SUM(O108) -> 0 | P100: =SUM(P101:P108) -> 315000 | R100: =H100-(L100+O100+P100) -> 0
A101: FRAFU MANAPANY | H101: =I101/$H$100 -> 0.11111111 | I101: 35000 | J101: 1 | O101: =IF(L101="en attente",I101,"") | P101: =IF(K101="",I101-L101,0) -> 35000
A102: FRAFU MANAPANY | H102: =I102/$H$100+H101 -> 0.22222222 | I102: 35000 | J102: 2 | O102: =IF(L102="en attente",I102,"") | P102: =IF(K102="",I102-L102,0) -> 35000
...

Sheet CAF
A2: ETAT DES CREANCES : CAF | M2: =TODAY() -> 42435
A4: Opération | B4: Signature | C4: Date limite demande de solde | D4: DAT | E4: BUDGET | F4: APPELS DE FONDS | L4: RESTE A PERCEVOIR | N4: observations
F5: Montant | G5: N° | H5: Date | I5: Payé | J5: Date | K5: Nbre js d'impayés | L5: A payer | M5: Non appelé
A6: LA FONTAINE - LE LAVOIR | B6: 40724 | C6: =DATE(YEAR(B6)+5,MONTH(B6),DAY(B6)) -> 42551 | D6: 41613 | E6: 70000 | I6: =SUM(I7:I9) -> 70000 | L6: =SUM(L7:L9) -> 0 | M6: =SUM(M7:M9) -> 0 | O6: =E6-(I6+L6+M6) -> 0
A7: LA FONTAINE - LE LAVOIR | E7: =F7/$E$6 -> 0.4 | F7: 28000 | G7: 1 | H7: 41010 | I7: 28000 | J7: 41010 | K7: =IF(J7="",$M$2-H7,J7-H7) -> 0 | L7: =IF(I7="en attente",F7,"") | M7: =IF(H7="",F7-I7,0) -> 0
A8: LA FONTAINE - LE LAVOIR | E8: =F8/$E$6+E7 -> 0.7 | F8: 21000 | G8: 2 | I8: 21000 | J8: 41522 | L8: =IF(I8="en attente",F8,"") | M8: =IF(H8="",F8-I8,0) -> 0
A9: LA FONTAINE - LE LAVOIR | E9: =F9/$E$6+E8 -> 1 | F9: 21000 | G9: 3 | H9: 42123 | I9: =F9 -> 21000 | J9: 42188 | L9: =IF(I9="en attente",F9,"") | M9: =IF(H9="",F9-I9,0) -> 0
A10: LAURENCY | B10: 40988 | C10: 42735 | E10: 110000 | I10: =SUM(I11:I13) -> 44000 | L10: =SUM(L11:L13) -> 33000 | M10: =SUM(M11:M13) -> 33000 | O10: =E10-(I10+L10+M10) -> 0
A11: LAURENCY | E11: =F11/$E$10 -> 0.4 | F11: 44000 | G11: 1 | I11: 44000 | J11: 41360 | L11: =IF(I11="en attente",F11,"") | M11: =IF(H11="",F11-I11,0) -> 0
A12: LAURENCY | E12: =F12/$E$10+E11 -> 0.7 | F12: 33000 | G12: 2 | H12: 41884 | I12: en attente | K12: =IF(J12="",$M$2-H12,J12-H12) -> 551 | L12: =IF(I12="en attente",F12,"") -> 33000 | M12: =IF(H12="",F12-I12,0) -> 0
A13: LAURENCY | E13: =F13/$E$10+E12 -> 1 | F13: 33000 | G13: 3 | L13: =IF(I13="en attente",F13,"") | M13: =IF(H13="",F13-I13,0) -> 33000
A14: LES BOULISTES | B14: 40988 | C14: 42735 | E14: 85000 | I14: =SUM(I15:I17) -> 59500 | L14: =SUM(L15:L17) -> 0 | M14: =SUM(M15:M17) -> 25500 | O14: =E14-(I14+L14+M14) -> 0
A15: LES BOULISTES | E15: =F15/$E$14 -> 0.4 | F15: 34000 | G15: 1 | I15: 34000 | J15: 41358 | L15: =IF(I15="en attente",F15,"") | M15: =IF(H15="",F15-I15,0) -> 0
A16: LES BOULISTES | E16: =F16/$E$14+E15 -> 0.7 | F16: 25500 | G16: 2 | H16: 42215 | I16: 25500 | J16: 42282 | L16: =IF(I16="en attente",F16,"") | M16: =IF(H16="",F16-I16,0) -> 0
A17: LES BOULISTES | E17: =F17/$E$14+E16 -> 1 | F17: 25500 | G17: 3 | L17: =IF(I17="en attente",F17,"") | M17: =IF(H17="",F17-I17,0) -> 25500
A18: TAMARINIERS | B18: 41450 | C18: =DATE(YEAR(B18)+4,MONTH(B18),DAY(B18)) -> 42911 | E18: 220000 | I18: =SUM(I19:I21) -> 88000 | L18: =SUM(L19:L21) -> 0 | M18: =SUM(M19:M21) -> 132000 | O18: =E18-(I18+L18+M18) -> 0
A19: TAMARINIERS | E19: =F19/$E$18 -> 0.4 | F19: 88000 | G19: 1 | H19: 41715 | I19: 88000 | J19: 41754 | K19: =IF(J19="",$M$2-H19,J19-H19) -> 39 | L19: =IF(I19="en attente",F19,"") | M19: =IF(H19="",F19-I19,0) -> 0
A20: TAMARINIERS | E20: =F20/$E$18+E19 -> 0.7 | F20: =0.3*E18 -> 66000 | G20: 2 | L20: =IF(I20="en attente",F20,"") | M20: =IF(H20="",F20-I20,0) -> 66000
A21: TAMARINIERS | E21: =F21/$E$18+E20 -> 1 | F21: 66000 | G21: 3 | L21: =IF(I21="en attente",F21,"") | M21: =IF(H21="",F21-I21,0) -> 66000
A22: RAYMOND BARRE | B22: 40988 | C22: 42735 | D22: 41943 | E22: 70000 | I22: =SUM(I23:I25) -> 70000 | L22: =SUM(L23:L24) -> 0 | M22: =SUM(M23:M25) -> 0 | O22: =E22-(I22+L22+M22) -> 0
A23: RAYMOND BARRE | E23: =F23/$E$22 -> 0.4 | F23: 28000 | G23: 1 | I23: 28000 | J23: 41358 | L23: =IF(I23="en attente",F23,"") | M23: =IF(H23="",F23-I23,0) -> 0
A24: RAYMOND BARRE | E24: =F24/$E$22+E23 -> 0.7 | F24: 21000 | G24: 2 | H24: 41884 | I24: =F24 -> 21000 | J24: 42188 | K24: =IF(J24="",$M$2-H24,J24-H24) -> 304 | L24: =IF(I24="en attente",F24,"") | M24: =IF(H24="",F24-I24,0) -> 0 | N24: Dedmande du 2ème acompte du 02/9/14 annulée pour un montant de 21000 € donc demande de solde d'un montant de 42000
A25: RAYMOND BARRE | E25: =F25/$E$22+E24 -> 1 | F25: 21000 | G25: 3 | H25: 42136 | I25: =F25 -> 21000 | J25: 42188 | M25: =IF(H25="",F25-I25,0) -> 0
A26: LE CAP | B26: 40988 | C26: 42735 | E26: 120000 | I26: =SUM(I27:I29) -> 84000 | L26: =SUM(L27:L29) -> 0 | M26: =SUM(M27:M29) -> 36000 | O26: =E26-(I26+L26+M26) -> 0
A27: LE CAP | E27: =F27/$E$26 -> 0.4 | F27: 48000 | G27: 1 | I27: 48000 | J27: 41358 | L27: =IF(I27="en attente",F27,"") | M27: =IF(H27="",F27-I27,0) -> 0
A28: LE CAP | E28: =F28/$E$26+E27 -> 0.7 | F28: 36000 | G28: 2 | H28: 42206 | I28: 36000 | J28: 42228 | L28: =IF(I28="en attente",F28,"") | M28: =IF(H28="",F28-I28,0) -> 0
A29: LE CAP | E29: =F29/$E$26+E28 -> 1 | F29: 36000 | G29: 3 | L29: =IF(I29="en attente",F29,"") | M29: =IF(H29="",F29-I29,0) -> 36000
A30: BARRAGE | B30: 41534 | C30: 42916 | E30: 415000 | I30: =SUM(I31:I33) -> 166000 | L30: =SUM(L31:L33) -> 0 | M30: =SUM(M31:M33) -> 249000 | O30: =E30-(I30+L30+M30) -> 0
A31: BARRAGE | E31: =F31/$E$30 -> 0.4 | F31: 166000 | G31: 1 | H31: 42188 | I31: 166000 | J31: 42228 | K31: =IF(J31="",$M$2-H31,J31-H31) -> 40 | L31: =IF(I31="en attente",F31,"") | M31: =IF(H31="",F31-I31,0) -> 0
A32: BARRAGE | E32: =F32/$E$30+E31 -> 0.7 | F32: =0.3*E30 -> 124500 | G32: 2 | L32: =IF(I32="en attente",F32,"") | M32: =IF(H32="",F32-I32,0) -> 124500
A33: BARRAGE | E33: =F33/$E$30+E32 -> 1 | F33: =0.3*E30 -> 124500 | G33: 3 | L33: =IF(I33="en attente",F33,"") | M33: =IF(H33="",F33-I33,0) -> 124500
A34: GRANDE RAVINE LES HAUTS | B34: 41534 | C34: 42916 | E34: 120000 | I34: =SUM(I35:I37) -> 48000 | L34: =SUM(L35:L37) -> 0 | M34: =SUM(M35:M37) -> 72000 | O34: =E34-(I34+L34+M34) -> 0
A35: GRANDE RAVINE LES HAUTS | E35: =F35/$E$34 -> 0.4 | F35: 48000 | G35: 1 | I35: 48000 | J35: 41758 | L35: =IF(I35="en attente",F35,"") | M35: =IF(H35="",F35-I35,0) -> 0
A36: GRANDE RAVINE LES HAUTS | E36: =F36/$E$34+E35 -> 0.7 | F36: 36000 | G36: 2 | L36: =IF(I36="en attente",F36,"") | M36: =IF(H36="",F36-I36,0) -> 36000
A37: GRANDE RAVINE LES HAUTS | E37: =F37/$E$34+E36 -> 1 | F37: 36000 | G37: 3 | L37: =IF(I37="en attente",F37,"") | M37: =IF(H37="",F37-I37,0) -> 36000
E38: =E6+E10+E14+E18+E22+E26+E30+E34 -> 1210000 | I38: =I6+I10+I14+I18+I22+I26+I30+I34 -> 629500 | L38: =L6+L10+L14+L18+L22+L26+L30+L34 -> 33000 | M38: =M6+M10+M14+M18+M22+M26+M30+M34 -> 547500 | O38: =E38-(I38+L38+M38) -> 0
L39: =SUM(L38:M38) -> 580500

Sheet FEDER
A2: ETAT DES CREANCES : FEDER | O2: =TODAY() -> 42435
A4: Opération | B4: Libellé | C4: Signature | D4: Eligibilité dépenses | E4: Fin convention | F4: DAT | G4: BUDGET | H4: APPELS DE FONDS | N4: RESTE A PERCEVOIR | P4: OBSERVATIONS
H5: Montant | I5: N° | J5: Date | K5: Payé | L5: Date | M5: Nbre js d'impayés | N5: A payer | O5: Non appelé
A6: RHI BUTTE CITRONNELLE | B6: Dossier présage 30279 / Réseau AEU | C6: 41010 | E6: 42004 | G6: 241997.58 | K6: =SUM(K7:K9) -> 201959.73 | N6: =SUM(N7:N9) -> 0 | O6: =SUM(O7:O9) -> 40066.93 | Q6: =G6-(K6+N6+O6) -> -29.08
A7: RHI BUTTE CITRONNELLE | E7: vérifier si prorog faite | G7: =H7/$G$6 -> 0.51293058 | H7: 124127.96 | I7: 1 | J7: 40800 | K7: 124157.04 | L7: 40842 | M7: =$L$7-J7 -> 42 | N7: =IF(K7="en attente",H7,"") | O7: =IF(J7="",H7-K7,0) -> 0 | P7: dépenses acquittées entre 01/01/07 et 31/12/14 éligibles
A8: RHI BUTTE CITRONNELLE | G8: =H8/$G$6+G7 -> 0.51293058 | I8: 2 | J8: 41171 | N8: =IF(K8="en attente",H8,"") | O8: =IF(J8="",H8-K8,0) -> 0 | P8: Demande de 26 394,54 € (Acpte 2)annulée le 30/07/13
A9: RHI BUTTE CITRONNELLE | G9: =H9/$G$6+G8 -> 1 | H9: 117869.62 | K9: 77802.69 | L9: 42324 | N9: =IF(K9="en attente",H9,"") | O9: =IF(J9="",H9-K9,0) -> 40066.93 | P9: Solde à réalisation de fin travx à 83,46 %
A10: PEPINIERE D'ENTREPRISE | B10: SGAR / 2012 31966 | C10: 40892 | D10: 40823 | E10: 42277 | F10: 41890 | G10: 1470807.7 | K10: =SUM(K11:K13) -> 1290562.7 | N10: =SUM(N11:N13) -> 0 | O10: =SUM(O11:O13) -> 0 | Q10: =G10-(K10+N10+O10) -> 180245.01
A11: PEPINIERE D'ENTREPRISE | D11: solde à demander avant | E11: 42338 | G11: =H11/$G$10 -> 0.55022639 | H11: 809277.2 | I11: 1 | J11: 41947 | M11: =$O$2-J11 -> 488 | N11: =IF(K11="en attente",H11,"") | O11: =IF(J11="",H11-K11,0) -> 0 | P11: Règlement de 1 290 562,67 € au lieu de 1 308 955,97
A12: PEPINIERE D'ENTREPRISE | G12: =H12/$G$10+G11 -> 0.88995726 | H12: 499678.77 | I12: 2 | J12: 42334 | K12: 1290562.7 | L12: 42381 | N12: =IF(K12="en attente",H12,"") | O12: =IF(J12="",H12-K12,0) -> 0 | P12: Différence de 18 393,30 €
O13: =IF(J13="",H13-K13,0) -> 0 | Q13: =G13-(K13+N13+O13) -> 0
G14: =G6+G10 -> 1712805.3 | K14: =K6+K10 -> 1492522.4 | N14: =N6+N10 -> 0 | O14: =O6+O10 -> 40066.93 | Q14: =G14-(K14+N14+O14) -> 180215.93
N15: =SUM(N14:O14) -> 40066.93

Sheet REGION
A2: ETAT DES CREANCES : REGION | O2: =TODAY() -> 42435
A4: Opération | B4: Libellé | C4: Signature | D4: Eligibilité dépenses | E4: Fin convention | F4: DAT | G4: BUDGET | H4: APPELS DE FONDS | N4: RESTE A PERCEVOIR | P4: observations
H5: Montant | I5: N° | J5: Date | K5: Payé | L5: Date | M5: Nbre js d'impayés | N5: A payer | O5: Non appelé
A6: CRESSONIERE | C6: 41547 | G6: 44565.76 | K6: =SUM(K7) -> 0 | N6: =SUM(N7) -> 0 | O6: =SUM(O7) -> 44565.76 | Q6: =G6-(K6+N6+O6) -> 0
A7: CRESSONIERE | H7: 44565.76 | I7: 1 | N7: =IF(K7="en attente",H7,"") | O7: =IF(J7="",H7-K7,0) -> 44565.76
A8: RESERVOIRS DE STELLA | C8: 41091 | G8: 20808.98 | K8: =SUM(K9) -> 20808.98 | N8: =SUM(N9) -> 0 | O8: =SUM(O9) -> 0
A9: RESERVOIRS DE STELLA | H9: 20808.98 | I9: 1 | J9: 41668 | K9: 20808.98 | L9: 42158 | M9: =$L$9-J9 -> 490 | N9: =IF(K9="en attente",H9,"") | O9: =IF(J9="",H9-K9,0) -> 0
A10: AVENUE RAYMOND BARRE | B10: DADT / 2012 0706 FRAFU | C10: 41149 | D10: 41044 | E10: =DATE(YEAR(C10)+2,MONTH(C10),DAY(C10)) -> 41879 | F10: 41983 | G10: 210000 | K10: =SUM(K11:K12) -> 105000 | N10: =SUM(N11:N12) -> 105000 | O10: =SUM(O11:O12) -> 0 | Q10: =G10-(K10+N10+O10) -> 0
G11: =H11/$G$10 -> 0.5 | H11: 105000 | I11: 1 | J11: 41485 | K11: 105000 | L11: 41522 | M11: =$L$11-J11 -> 37 | N11: =IF(K11="en attente",H11,"") | O11: =IF(J11="",H11-K11,0) -> 0
G12: =H12/$G$10+G11 -> 1 | H12: 105000 | I12: 2 | J12: 42411 | K12: en attente | N12: =IF(K12="en attente",H12,"") -> 105000 | O12: =IF(J12="",H12-K12,0) -> 0
A13: CHALOUPE | B13: DADT / 2012 1065 FRAFU | C13: 41334 | D13: 41025 | E13: =DATE(YEAR(C13)+2,MONTH(C13),DAY(C13)) -> 42064 | F13: 42275 | G13: 200000 | K13: =SUM(K14:K15) -> 100000 | N13: =SUM(N14:N15) -> 0 | O13: =SUM(O14:O15) -> 100000 | Q13: =G13-(K13+N13+O13) -> 0
G14: =H14/$G$13 -> 0.5 | H14: 100000 | I14: 1 | J14: 41485 | K14: 100000 | L14: 41522 | M14: =$L$14-J14 -> 37 | N14: =IF(K14="en attente",H14,"") | O14: =IF(J14="",H14-K14,0) -> 0
G15: =H15/$G$13+G14 -> 1 | H15: 100000 | I15: 2 | N15: =IF(K15="en attente",H15,"") | O15: =IF(J15="",H15-K15,0) -> 100000
A16: PEPINIERE | B16: DAE1/2011-1446 | C16: 40892 | D16: 40613 | E16: 42277 | F16: 41890 | G16: 1470807.7 | K16: =SUM(K17:K20) -> 1290562.7 | N16: =SUM(N17:N20) -> 0 | O16: =SUM(O17:O20) -> 0 | Q16: =G16-(K16+N16+O16) -> 180245.01
D17: solde à demander avant | E17: 42338 | G17: =H17/$G$16 -> 0.50000004 | H17: 735403.9 | I17: 1 | K17: 735403.9 | L17: 40907 | M17: =$L$14-J17 -> 41522 | N17: =IF(K17="en attente",H17,"") | O17: =IF(J17="",H17-K17,0) -> 0
G18: =H18/$G$16+G17 -> 0.550227 | H18: 73874.2 | I18: 2 | J18: 41977 | M18: =$O$2-J18 -> 458 | N18: =IF(K18="en attente",H18,"") | O18: =IF(J18="",H18-K18,0) -> 0 | P18: Règlement de 555 158,77 au lieu de 573 552,97
G19: =H19/$G$16+G18 -> 0.88995787 | H19: 499678.77 | I19: 3 | J19: 42334 | K19: 555158.77 | L19: 42355 | N19: =IF(K19="en attente",H19,"") | O19: =IF(J19="",H19-K19,0) -> 0 | P19: Différence de : 18 394,20
N20: =IF(K20="en attente",H20,"") | O20: =IF(J20="",H20-K20,0) -> 0
G21: =G6+G8+G10+G13+G16 -> 1946182.4 | K21: =K6+K8+K10+K13+K16 -> 1516371.6 | N21: =N6+N8+N10+N13+N16 -> 105000 | O21: =O6+O8+O10+O13+O16 -> 144565.76 | Q21: =G21-(K21+N21+O21) -> 180245.01
N22: =SUM(N21:O21) -> 249565.76
O26: =573552.97-K19 -> 18394.2
H36: =1308955.97-1290562.67 -> 18393.3

Sheet DIECCTE
A2: ETAT DES CREANCES : DIECCTE | L2: =TODAY() -> 42435
A4: Opération | B4: Libellé | C4: Signature | D4: BUDGET | E4: APPELS DE FONDS | K4: RESTE A PERCEVOIR
E5: Montant | F5: N° | G5: Date | H5: Payé | I5: Date | J5: Nbre js d'impayés | K5: A payer | L5: Non appelé
A6: CRESSONIERE | C6: 41607 | D6: 66848.64
A7: CRESSONIERE | E7: 66848.64 | F7: 1 | K7: =+IF(G7="",0,E7-H7) -> 0 | L7: =IF(G7="",E7-H7,0) -> 66848.64 | M7: AF à lancer
A8: P'TIT CANAL | C8: 41091 | D8: 38400 | K8: =+IF(G8="",0,E8-H8) -> 0 | L8: =IF(G8="",E8-H8,0) -> 0
A9: P'TIT CANAL | D9: ANNULE | E9: 38400 | F9: 1 | G9: 41984 | J9: =$L$2-G9 -> 451 | K9: =+IF(G9="",0,E9-H9) -> 38400 | L9: =IF(G9="",E9-H9,0) -> 0
D10: =SUM(D6:D9) -> 105248.64 | E10: =SUM(E6:E9) -> 105248.64 | H10: =SUM(H6:H9) -> 0 | K10: =SUM(K6:K9) -> 38400 | L10: =SUM(L6:L9) -> 66848.64
K11: =SUM(K10:L10) -> 105248.64

Sheet CILGERE
A2: ETAT DES CREANCES : CILGERE | L2: 42155
A4: Opération | B4: Libellé | C4: Signature | D4: BUDGET | E4: APPELS DE FONDS | K4: RESTE A PERCEVOIR
E5: Montant | F5: N° | G5: Date | H5: Payé | I5: Date | J5: Nbre js d'impayés | K5: A payer | L5: Non appelé
A6: P'TIT CANAL | C6: 40798 | D6: 100000
E7: 80000 | F7: 1 | H7: 80000 | I7: 40925 | K7: =+IF(G7="",0,E7-H7) -> 0 | L7: =IF(G7="",E7-H7,0) -> 0
E8: 20000 | F8: 2 | K8: =+IF(G8="",0,E8-H8) -> 0 | L8: =IF(G8="",E8-H8,0) -> 20000
A9: AVENUE RAYMOND BARRE | D9: 100000 | K9: =+IF(G9="",0,E9-H9) -> 0 | L9: =IF(G9="",E9-H9,0) -> 0
E10: 50000 | F10: 1 | G10: 41729 | H10: 50000 | I10: 41829 | K10: =+IF(G10="",0,E10-H10) -> 0 | L10: =IF(G10="",E10-H10,0) -> 0
E11: 50000 | F11: 2 | K11: =+IF(G11="",0,E11-H11) -> 0 | L11: =IF(G11="",E11-H11,0) -> 50000
A12: CHALOUPE | D12: 100000 | K12: =+IF(G12="",0,E12-H12) -> 0 | L12: =IF(G12="",E12-H12,0) -> 0
E13: 50000 | F13: 1 | G13: 41729 | H13: 50000 | I13: 41829 | K13: =+IF(G13="",0,E13-H13) -> 0 | L13: =IF(G13="",E13-H13,0) -> 0
E14: 50000 | F14: 2 | K14: =+IF(G14="",0,E14-H14) -> 0 | L14: =IF(G14="",E14-H14,0) -> 50000
D15: =SUM(D6:D14) -> 300000 | E15: =SUM(E6:E14) -> 300000 | H15: =SUM(H6:H14) -> 180000 | K15: =SUM(K6:K14) -> 0 | L15: =SUM(L6:L14) -> 120000
K16: =SUM(K15:L15) -> 120000

Sheet TCO
A2: ETAT DES CREANCES : TCO | M2: =TODAY() -> 42435
A4: Opération | B4: Signature | C4: Fin convention | D4: Clôture TCO | E4: BUDGET | F4: APPELS DE FONDS | L4: RESTE A PERCEVOIR | N4: Observations
F5: Montant | G5: N° | H5: Date | I5: Payé | J5: Date | K5: Nbre js d'impayés | L5: A payer | M5: Non appelé
A6: RESERVOIRS DE STELLA | B6: 40452 | E6: 340000 | I6: =SUM(I7:I10) -> 289788.59 | L6: =SUM(L7:L10) -> 0 | M6: =SUM(M7:M10) -> 50211.41 | O6: =E6-(I6+L6+M6) -> 0
A7: RESERVOIRS DE STELLA | E7: =F7/$E$6 -> 0.2 | F7: 68000 | G7: 1 | I7: 68000 | J7: 40514 | L7: =IF(I7="en attente",F7,"") | M7: =IF(H7="",F7-I7,0) -> 0
A8: RESERVOIRS DE STELLA | E8: =F8/$E$6+E7 -> 0.8 | F8: 204000 | H8: 40981 | I8: 204000 | J8: 41267 | L8: =IF(I8="en attente",F8,"") | M8: =IF(H8="",F8-I8,0) -> 0
A9: RESERVOIRS DE STELLA | E9: =F9/$E$6+E8 -> 0.85231938 | F9: 17788.59 | H9: 41290 | I9: 17788.59 | L9: =IF(I9="en attente",F9,"") | M9: =IF(H9="",F9-I9,0) -> 0
A10: RESERVOIRS DE STELLA | E10: =F10/$E$6+E9 -> 1 | F10: 50211.41 | L10: =IF(I10="en attente",F10,"") | M10: =IF(H10="",F10-I10,0) -> 50211.41
A11: FRAFU P'TIT CANAL | B11: 41091 | E11: 20808.98 | I11: =SUM(I12) -> 0 | L11: =SUM(L12) -> 20808.98 | M11: =SUM(M12) -> 0 | O11: =E11-(I11+L11+M11) -> 0
A12: FRAFU P'TIT CANAL | E12: =F12/E11 -> 1 | F12: 20808.98 | G12: 1 | H12: 41668 | I12: en attente | K12: =$M$2-H12 -> 767 | L12: =IF(I12="en attente",F12,"") -> 20808.98 | M12: =IF(H12="",F12-I12,0) -> 0
A13: FRAFU LAVOIR | B13: 40578 | C13: =DATE(YEAR(B13),MONTH(B113)+18,DAY(B13)) -> 41094 | D13: =DATE(YEAR(C13),MONTH(C13),DAY(C13)-20) -> 41074 | E13: 140000 | I13: =SUM(I14:I15) -> 70000 | L13: =SUM(L14:L15) -> 70000 | M13: =SUM(M14:M15) -> 0 | O13: =E13-(I13+L13+M13) -> 0
A14: FRAFU LAVOIR | E14: =F14/$E$13 -> 0.5 | F14: 70000 | G14: 1 | H14: 41485 | I14: 70000 | J14: 41522 | L14: =IF(I14="en attente",F14,"") | M14: =IF(H14="",F14-I14,0) -> 0
A15: FRAFU LAVOIR | E15: =F15/$E$13+E14 -> 1 | F15: 70000 | G15: 2 | H15: 42034 | I15: en attente | L15: =IF(I15="en attente",F15,"") -> 70000 | M15: =IF(H15="",F15-I15,0) -> 0
E16: =SUM(E6:E15) -> 500814.33 | I16: =I6+I11+I13 -> 359788.59 | L16: =L6+L11+L13 -> 90808.98 | M16: =M6+M11+M13 -> 50211.41 | O16: =E16-(I16+L16+M16) -> 5.3523194
L17: =SUM(L16:M16) -> 141020.39
A18: rajouter RPA Chaloupe

Sheet ADEME
A2: ETAT DES CREANCES : ADEME | L2: =TODAY() -> 42435
A4: Opération | B4: Libellé | C4: Signature | D4: BUDGET | E4: APPELS DE FONDS | K4: RESTE A PERCEVOIR
E5: Montant | F5: N° | G5: Date | H5: Payé | I5: Date | J5: Nbre js d'impayés | K5: A payer | L5: Non appelé
A6: P'TIT CANAL | C6: 40817 | D6: 25600
E7: 12800 | F7: 1 | G7: 40841 | H7: 12800 | I7: 40882 | J7: =I7-G7 -> 41 | K7: =+IF(G7="",0,E7-H7) -> 0 | L7: =IF(G7="",E7-H7,0) -> 0
E8: 7680 | F8: 2 | G8: 41849 | H8: 7680 | I8: 41891 | J8: =I8-G8 -> 42 | K8: =+IF(G8="",0,E8-H8) -> 0 | L8: =IF(G8="",E8-H8,0) -> 0
E9: 5120 | F9: 3 | H9: 5120 | I9: 42129 | K9: =+IF(G9="",0,E9-H9) -> 0 | L9: =IF(G9="",E9-H9,0) -> 0
D10: =SUM(D6:D9) -> 25600 | E10: =SUM(E6:E9)-K7 -> 25600 | H10: =SUM(H6:H9) -> 25600 | K10: =SUM(K6:K9)-K7 -> 0 | L10: =SUM(L6:L9) -> 0
K11: =SUM(K10:L10) -> 0

Sheet PETITE ILE
A2: ETAT DES CREANCES : PETITE ILE | K2: =TODAY() -> 42435
A4: Opération | B4: Signature | C4: BUDGET | D4: APPELS DE FONDS | J4: RESTE A PERCEVOIR
D5: Montant | E5: N° | F5: Date | G5: Payé | H5: Date | I5: Nbre js d'impayés | J5: A payer | K5: Non appelé
A6: FRAFU JULES VIENNE | B6: 40449 | C6: 1125260 | G6: =SUM(G7:G9) -> 1125260 | J6: =SUM(J7:J9) -> 0 | K6: =SUM(K7:K9) -> 0 | L6: =C6-(G6+J6+K6) -> 0
A7: FRAFU JULES VIENNE | C7: =D7/$C$6 -> 0.3288129 | D7: 370000 | E7: 1 | F7: 40666 | G7: 370000 | H7: 40710 | I7: =IF(H7="",$K$2-F7,H7-F7) -> 44 | J7: =IF(G7="en attente",F7,"") | K7: =IF(F7="",D7-G7,0) -> 0
A8: FRAFU JULES VIENNE | C8: =D8/$C$6+C7 -> 0.65499973 | D8: 367045 | E8: 2 | F8: 41003 | G8: 367045 | H8: 41247 | I8: =IF(H8="",$K$2-F8,H8-F8) -> 244 | J8: =IF(G8="en attente",F8,"") | K8: =IF(F8="",D8-G8,0) -> 0
A9: FRAFU JULES VIENNE | C9: =D9/$C$6+C8 -> 1 | D9: 388215 | E9: 3 | F9: 42206 | G9: 388215 | H9: 42380 | I9: =IF(H9="",$K$2-F9,H9-F9) -> 174 | J9: =IF(G9="en attente",D9,"") | K9: =IF(F9="",D9-G9,0) -> 0
A10: FRAFU DESIRE | B10: 40449 | C10: =706937 -> 706937 | G10: =SUM(G11:G13) -> 701154 | J10: =SUM(J11:J13) -> 0 | K10: =SUM(K11:K13) -> 0 | L10: =C10-(G10+J10+K10) -> 5783
A11: FRAFU DESIRE | C11: =D11/$C$10 -> 0.3536383 | D11: 250000 | E11: 1 | F11: 40666 | G11: 250000 | H11: 40710 | I11: =IF(H11="",$K$2-F11,H11-F11) -> 44 | J11: =IF(G11="en attente",F11,"") | K11: =IF(F11="",D11-G11,0) -> 0
A12: FRAFU DESIRE | C12: =D12/$C$10+C11 -> 0.70000014 | D12: 244856 | E12: 2 | F12: 41003 | G12: 244856 | H12: 41247 | I12: =IF(H12="",$K$2-F12,H12-F12) -> 244 | J12: =IF(G12="en attente",F12,"")
A13: FRAFU DESIRE | C13: =D13/$C$10+C12 -> 0.99181964 | D13: 206298 | E13: 3 | F13: 42208 | G13: 206298 | H13: 42353 | I13: =IF(H13="",$K$2-F13,H13-F13) -> 145 | J13: =IF(G13="en attente",D13,"") | K13: =IF(F13="",D13-G13,0) -> 0 | L13: Montant corrigé : anciennt 212 081,00
C14: =C6+C10 -> 1832197 | D14: =D6+D10 -> 0 | G14: =G6+G10 -> 1826414 | J14: =J6+J10 -> 0 | K14: =K6+K10 -> 0 | L14: =C14-(G14+J14+K14) -> 5783
J15: =SUM(J14:K14) -> 0

Sheet EDF
A2: ETAT DES CREANCES : EDF | L2: =TODAY() -> 42435
A4: Opération | B4: Signature | C4: Modalités | D4: BUDGET | E4: APPELS DE FONDS | K4: RESTE A PERCEVOIR
E5: Montant | F5: N° | G5: Date | H5: Payé | I5: Date | J5: Nbre js d'impayés | K5: A payer | L5: Non appelé
A6: LE LAVOIR | B6: 41094 | D6: 9449.1 | H6: =SUM(H7:H7) -> 0 | K6: =SUM(K7:K7) -> 0 | L6: =SUM(L7:L7) -> 0 | M6: =D6-(H6+K6+L6) -> 9449.1
C7: facture à envoyer après mise en service | D7: =E7/$D$6 -> 0 | F7: 1 | J7: =IF(I7="",$L$2-G7,I7-G7) -> 42435 | K7: =IF(E7="en attente",G7,"") | L7: =IF(G7="",E7-H7,0) -> 0
H8: =SUM(H9:H11) -> 0 | K8: =SUM(K9:K11) -> 0 | L8: =SUM(L9:L11) -> 0 | M8: =D8-(H8+K8+L8) -> 0
D9: =E9/$D$8 -> #DIV/0! | F9: 1 | J9: =IF(I9="",$L$2-G9,I9-G9) -> 42435 | K9: =IF(E9="en attente",G9,"") | L9: =IF(G9="",E9-H9,0) -> 0
D10: =E10/$D$8+D9 -> #DIV/0! | F10: 2 | J10: =IF(I10="",$L$2-G10,I10-G10) -> 42435 | K10: =IF(E10="en attente",G10,"")
D11: =E11/$D$8+D10 -> #DIV/0! | F11: 3 | J11: =IF(I11="",$L$2-G11,I11-G11) -> 42435 | K11: =IF(E11="en attente",G11,"") | L11: =IF(G11="",E11-H11,0) -> 0
D12: =D6+D8 -> 9449.1 | E12: =E6+E8 -> 0 | H12: =H6+H8 -> 0 | K12: =SUM(K6:K11) -> 0 | L12: =L6+L8 -> 0 | M12: =D12-(H12+K12+L12) -> 9449.1
K13: =SUM(K12:L12) -> 0

Sheet cilgère
A1: ETAT DES CREANCES : CILGERE | L1: =TODAY() -> 42435
A3: Opération | B3: Libellé | C3: Signature | D3: BUDGET | E3: APPELS DE FONDS | K3: RESTE A PERCEVOIR
E4: Montant | F4: N° | G4: Date | H4: Payé | I4: Date | J4: Nbre js d'impayés | K4: A payer | L4: Non appelé
A5: Avenue R. BARRE | C5: 41631 | D5: 100000
E6: 50000 | F6: 1 | G6: 41729 | H6: ? | J6: =I6-G6 -> -41729 | K6: 50000 | L6: =IF(G6="",E6-H6,0) -> 0
E7: 50000 | L7: 50000
A8: Chaloupe/Paille en Queue | C8: 41631 | D8: 100000
E9: 50000 | F9: 1 | G9: 41729 | H9: ? | K9: 50000
E10: 50000 | K10: =+IF(G10="",0,E10-H10) -> 0 | L10: =IF(G10="",E10-H10,0) -> 50000
D11: =SUM(D5:D10) -> 200000 | H11: =SUM(H5:H10) -> 0 | K11: =K6+K9 -> 100000 | L11: =SUM(L5:L10) -> 100000
K12: =SUM(K11:L11) -> 200000

Sheet OFFICE DE L'EAU
A2: ETAT DES CREANCES : OFFICE DE L'EAU | L2: 42155
A4: Opération | B4: Libellé | C4: Signature | D4: BUDGET | E4: APPELS DE FONDS | K4: RESTE A PERCEVOIR
E5: Montant | F5: N° | G5: Date | H5: Payé | I5: Date | J5: Nbre js d'impayés | K5: A payer | L5: Non appelé
A6: RHI BUTTE CITRONNELLE | C6: 40203 | D6: 161331.72
A7: Eaux Usées | E7: 32266.34 | F7: 1 | G7: 40408 | H7: =+E7 -> 32266.34 | I7: 40449 | J7: =IF(I7="",$L$2-G7,I7-G7) -> 41 | K7: =+IF(G7="",0,E7-H7) -> 0 | L7: =IF(G7="",E7-H7,0) -> 0
E8: 129065.38 | F8: 2 | G8: 42292 | H8: 102373.48 | I8: 42341 | K8: =IF(H8="en attente",E8,"") | L8: =IF(G8="",E8-H8,0) -> 0
K9: =IF(H9="en attente",E9,"") | L9: =IF(G9="",E9-H9,0) -> 0
A10: RHI BUTTE CITRONNELLE | C10: 40329 | D10: 189240.94 | K10: =IF(H10="en attente",E10,"") | L10: =IF(G10="",E10-H10,0) -> 0
A11: AEP | E11: 37848.19 | F11: 1 | G11: 40408 | H11: =+E11 -> 37848.19 | I11: 40449 | J11: =IF(I11="",$L$2-G11,I11-G11) -> 41 | K11: =IF(H11="en attente",E11,"") | L11: =IF(G11="",E11-H11,0) -> 0
E12: 151392.75 | F12: 2 | G12: 42292 | H12: 52579.55 | I12: 42353 | K12: =IF(H12="en attente",E12,"") | L12: =IF(G12="",E12-H12,0) -> 0
K13: =IF(H13="en attente",E13,"") | L13: =IF(G13="",E13-H13,0) -> 0
K14: =IF(H14="en attente",E14,"") | L14: =IF(G14="",E14-H14,0) -> 0
D15: =SUM(D6:D14) -> 350572.66 | E15: =SUM(E7:E14) -> 350572.66 | H15: =SUM(H6:H14) -> 225067.56 | K15: =SUM(K6:K14) -> 0 | L15: =SUM(L6:L14) -> 0
K16: =SUM(K15:L15) -> 0

Sheet ST JOSEPH
A1: ETAT DES CREANCES : MAIRIE ST JOSEPH | L1: =TODAY() -> 42435
A3: Opération | B3: Libellé | C3: Signature | D3: BUDGET | E3: APPELS DE FONDS | K3: RESTE A PERCEVOIR
E4: Montant | F4: N° | G4: Date | H4: Payé | I4: Date | J4: Nbre js d'impayés | K4: A payer | L4: Non appelé
A5: FRAFU J. FONTAINE | C5: 42068 | D5: 162750
B6: FRAFU | D6: 0.5 | E6: 81375 | F6: 1 | G6: 42353 | H6: 81375 | I6: 42415 | K6: 81375 | L6: =IF(G6="",E6-H6,0) -> 0
D7: 0.5 | E7: 81375 | K7: =+IF(G7="",0,E7-H7) -> 0 | L7: =IF(G7="",E7-H7,0) -> 81375
A9: FRAFU PARC A MOUTONS | C9: 41338 | D9: 55743.18
B10: FRAFU | D10: 0.5 | E10: 27871.79 | F10: 1 | G10: 41975 | H10: ? | K10: 27871.79
D11: 0.5 | E11: 27871.79 | L11: 27871.79
A13: FRAFU MANAPANY | C13: 42068 | D13: 292222.2
B14: FRAFU | D14: 0.5 | E14: =D13/2 -> 146111.1 | L14: 146111.1
D15: 0.5 | E15: =D13/2 -> 146111.1 | L15: 146111.1
D17: =D5+D9+D13 -> 510715.38 | H17: =SUM(H6:H16) -> 81375 | K17: =SUM(K6:K16) -> 109246.79 | L17: =SUM(L5:L16) -> 401468.99
K18: =SUM(K17:L17) -> 510715.78

Sheet ETANG-SALE
A1: ETAT DES CREANCES : MAIRIE ETANG-SALE | L1: =TODAY() -> 42435
A3: Opération | B3: Libellé | C3: Signature | D3: BUDGET | E3: APPELS DE FONDS | K3: RESTE A PERCEVOIR
E4: Montant | F4: N° | G4: Date | H4: Payé | I4: Date | J4: Nbre js d'impayés | K4: A payer | L4: Non appelé
A5: RHI BUTTE CITRONNELLE | D5: 1085000
E6: 1085000 | F6: 1 | G6: 42074 | H6: 1085000 | I6: 42339 | J6: =I6-G6 -> 265 | K6: =+IF(G6="",0,E6-H6) -> 0 | L6: =IF(G6="",E6-H6,0) -> 0
K7: =+IF(G7="",0,E7-H7) -> 0 | L7: =IF(G7="",E7-H7,0) -> 0
D8: =SUM(D5:D7) -> 1085000 | H8: =SUM(H5:H7) -> 1085000 | K8: =SUM(K5:K7)-K6 -> 0 | L8: =SUM(L5:L7) -> 0
K9: =SUM(K8:L8) -> 0
